 Dungeon Crawl Stone Soup version 0.30-a0-241-g1121274140 (webtiles) character file.

Game seed: 492550729972899984

547902 qw the Slayer (level 26, -1/184 HPs)
             Began as a Gargoyle Fighter on Oct 10, 2022.
             Was the Champion of the Shining One.
             Killed by divine providence
             ... invoked by a royal mummy
              (13 damage)
             ... on level 1 of the Tomb of the Ancients.
             The game lasted 00:43:16 (59722 turns).

qw the Slayer (Gargoyle Fighter)                   Turns: 59722, Time: 00:43:17

Health: -1/184     AC: 58    Str: 44    XL:     26   Next: 21%
Magic:  16/36      EV: 15    Int: 18    God:    the Shining One [******]
Gold:   4532       SH: 23    Dex: 10    Spells: 25/25 levels left

rFire   + . .      SeeInvis .    L - +11 broad axe of Hell's Wrath {vorpal, rC+}
rCold   + . .      Faith    +    N - +2 tower shield {rN+}
rNeg    + + +      Spirit   .    p - +6 plate armour of Liseibio {rC+ Regen+ Str+2 Dex+2}
rPois   inf        Reflect  .    w - +2 hat of Happiness {Str+8 Int+4 Dex-5}
rElec   +          Harm     .    M - +2 cloak {Will+}
rCorr   +          Rampage  .    Q - +1 pair of gloves "Asulovvee" {Will+}
Will    +++..                    x - +2 pair of boots
Stlth   ..........               K - amulet "Qioczoec" {Faith rCorr Int+2 Dex+4 Slay+2}
HPRegen 1.30/turn                c - ring "Giohiun" {Fire Str+5}
MPRegen 0.25/turn                A - +4 ring of evasion

@: flying, slowed, glowing, very slow
A: sickness immunity, AC +20, big wings, negative energy resistance 1,
electricity resistance, torment resistance 1, petrification resistance, horns 1,
mutation resistance 1, subdued magic 1
}: 3/15 runes: decaying, silver, gossamer
a: Renounce Religion, Divine Shield, Cleansing Flame, Summon Divine Warrior


You were on level 1 of the Tomb of the Ancients.
You worshipped the Shining One.
The Shining One was exalted by your worship.
You visited 11 branches of the dungeon, and saw 48 of its levels.
You visited 2 bazaars.
You also visited: Wizlab.

You collected 9411 gold pieces.
You spent 4879 gold pieces at shops.


Innate Abilities, Weirdness & Mutations

You are immune to sickness and miasma.
Your stone body is resilient. (AC +20)
You are immune to poison.
Your large and strong wings let you fly.
You resist negative energy. (rN+)
You are resistant to electric shocks. (rElec)
You are resistant to unholy torment.
You are immune to petrification.
You have a pair of small horns on your head.
You are somewhat resistant to further mutation.
Your spells are a little easier to cast, but a little less powerful.


   Skills:
 - Level 24.0 Fighting
 - Level 18.0 Axes
 - Level 14.0 Throwing
 - Level 21.4 Armour
 - Level 8.4 Dodging
 - Level 22.0 Shields
 + Level 18.0 Invocations


You had 25 spell levels left.
You didn't know any spells.
Your spell library was empty.

Inventory:

Hand Weapons
 v - the +4 broad axe of Fynn {antimagic, rF+ Str+4}
   (Okawaru gifted it to you on level 2 of the Orcish Mines)

   It reduces the magical energy of the wielder, and disrupts the spells and
   magical abilities of those it strikes.
   Natural abilities and divine invocations are not affected.
   Str:       It affects your strength (+4).
   rF:        It protects you from fire.
 L - the +11 broad axe of Hell's Wrath (weapon) {vorpal, rC+}
   (Okawaru gifted it to you on level 4 of the Spider Nest)

   It inflicts extra damage upon your enemies.
   rC:        It protects you from cold.
 O - a +7 war axe of holy wrath
Missiles
 u - 10 boomerangs (quivered)
Armour
 l - the +3 acid dragon scales of the Iron City of Dis {+Blink rCorr Int+4}
   (Okawaru gifted it to you on level 4 of the Lair of Beasts)

   Int:       It affects your intelligence (+4).
   +Blink:    It lets you blink.
   rCorr:     It protects you from acid and corrosion.
 p - the +6 plate armour of Liseibio (worn) {rC+ Regen+ Str+2 Dex+2}
   (Okawaru gifted it to you on level 4 of the Vaults)

   Str:       It affects your strength (+2).
   Dex:       It affects your dexterity (+2).
   rC:        It protects you from cold.
   Regen:     It increases your rate of health regeneration.
 q - the +3 cloak of the Maze {rN+ Str+3 Dex-3}
   (Okawaru gifted it to you on level 4 of the Depths)

   Str:       It affects your strength (+3).
   Dex:       It affects your dexterity (-3).
   rN:        It protects you from negative energy.
 w - the +2 hat of Happiness (worn) {Str+8 Int+4 Dex-5}
   (Okawaru gifted it to you on level 3 of the Lair of Beasts)

   Str:       It affects your strength (+8).
   Int:       It affects your intelligence (+4).
   Dex:       It affects your dexterity (-5).
 x - a +2 pair of boots (worn)
 B - the -1 pair of gloves "Kyrchusch" {rPois rC- rN+ Slay+5}
   (Okawaru gifted it to you on level 11 of the Dungeon)

   Slay:      It affects your accuracy & damage with ranged weapons and melee
   (+5).
   rC:        It makes you vulnerable to cold.
   rPois:     It protects you from poison.
   rN:        It protects you from negative energy.
 G - the +1 pair of gloves "Boefimep" {+Inv Dex+5}
   (Okawaru gifted it to you on level 4 of the Swamp)

   Dex:       It affects your dexterity (+5).
   +Inv:      It lets you turn invisible.
 M - a +2 cloak of willpower (worn)
 N - a +2 tower shield of positive energy (worn)
 Q - the +1 pair of gloves "Asulovvee" (worn) {Will+}
   (Okawaru gifted it to you on level 2 of the Vaults)

   Will:      It increases your willpower.
 R - the +7 plate armour "Rocutsil" {Rampage rF+}
   (You bought it in a shop in a bazaar)

   rF:        It protects you from fire.
   Rampage:   It bestows one free step when moving towards enemies.
Jewellery
 c - the ring "Giohiun" (left hand) {Fire Str+5}
   (You bought it in a shop in a bazaar)

   [ring of fire]

   It enhances your fire magic.
   Str:       It affects your strength (+5).
   rF:        It protects you from fire.
   rC:        It makes you vulnerable to cold.
 g - a ring of resist corrosion
 s - an amulet of reflection
 y - a +4 ring of protection
 A - a +4 ring of evasion (right hand)
 C - a ring of ice
 D - a ring of protection from fire
 H - a ring of protection from fire
 I - a ring of ice
 J - a ring of resist corrosion
 K - the amulet "Qioczoec" (around neck) {Faith rCorr Int+2 Dex+4 Slay+2}
   (You took it off a spriggan druid on level 4 of the Swamp)

   [amulet of faith]

   It allows you to gain divine favour quickly.
   Int:       It affects your intelligence (+2).
   Dex:       It affects your dexterity (+4).
   Slay:      It affects your accuracy & damage with ranged weapons and melee
   (+2).
   rCorr:     It protects you from acid and corrosion.
Wands
 S - a wand of digging (3)
Scrolls
 i - 2 scrolls of enchant armour
 m - 34 scrolls of identify
 t - 3 scrolls of brand weapon
 F - 9 scrolls of enchant weapon
Potions
 b - 13 potions of mutation
 d - 10 potions of might
 e - 23 potions of curing
 f - 12 potions of lignification
 j - 5 potions of magic
 k - 4 potions of cancellation
 n - 3 potions of resistance
 r - 5 potions of attraction
 z - 4 potions of haste

Dungeon Overview and Level Annotations

Branches:
Dungeon (15/15)            Temple (1/1) D:6            Lair (5/5) D:8
  Swamp (4/4) Lair:3       Spider (4/4) Lair:3        Slime (0/5) Lair:5
    Orc (2/2) D:9             Elf (0/3) Orc:2        Vaults (5/5) D:13
  Crypt (3/3) Vaults:3       Tomb (1/3) Crypt:3      Depths (4/4) D:15
    Zot (4/5) Depths:4     WizLab (visited)

Altars:
Ashenzari
Cheibriados
Dithmenos
Elyvilon
Fedhas
Gozag
Hepliaklqana
Kikubaaqudgha
Makhleb
Nemelex Xobeh
Okawaru
Qazlal
Ru
Sif Muna
Trog
Uskayaw
Vehumet
Wu Jian
Xom
Yredelemnul
Zin
The Shining One

Shops:
D:10 =   D:14 !   Orc:1 ?   Orc:2 **=[   Depths:1 (

Portals:
Hell: Depths:1 Depths:2 Depths:3 Depths:4
Abyss: Depths:3 Depths:4
Pandemonium: Orc:2 Depths:2 Depths:3 Depths:4
Ziggurat: Depths:3

Annotations:
Depths:4 3 runed translucent doors


Message History

The golden flame engulfs the royal mummy!!!
The royal mummy writhes in agony!
The royal mummy is severely damaged.
The golden flame engulfs the death scarab!!!
The death scarab writhes in agony!
You destroy the death scarab!
The death scarab's corpse disappears in a puff of smoke!
The golden flame engulfs the royal mummy!!!
The royal mummy writhes in agony!
The royal mummy is moderately damaged.
The golden flame engulfs the death scarab!!
The death scarab writhes in agony!
You destroy the death scarab!
The death scarab's corpse disappears in a puff of smoke!
The golden flame engulfs the death scarab!!!
The death scarab writhes in agony!
You destroy the death scarab!
The death scarab's corpse disappears in a puff of smoke!
The golden flame engulfs the death scarab!!
The death scarab writhes in agony!
The death scarab is almost destroyed.
The golden flame engulfs the death scarab!!
The death scarab writhes in agony!
The death scarab is severely damaged.
The golden flame engulfs the royal mummy!!!
The royal mummy writhes in agony!
The royal mummy is moderately damaged.
You block the death scarab's attack. x2; The death scarab barely misses you.
You block the death scarab's attack.
The death scarab bites you but does no damage.
The royal mummy hits you but does no damage.
You block the royal mummy's attack.
A royal mummy comes into view.
The royal mummy casts a spell.
The royal mummy gestures at you while chanting.
Something smites you!
The royal mummy gestures wildly while chanting.
The royal mummy casts a spell.
The royal mummy casts a spell at you. Something smites you!
You die...

#..###############
#..#|^^#...........
#s.#^.^#...........
#..#.^.#........^.^
#..####'...........
#sM#....A..........
#BB#....A..........
#BM#...............
#B@#..."...........
#MB#.....^.........
#BM#...............
#MB#...............
#BM#...............
#Bb#............^..
#MB#...............
#M.#...............
.^............%


You could see 8 royal mummies, 2 emperor scorpions, a bennu and 10 death
scarabs.

Vanquished Creatures
  A dread lich (Vaults:4)
  An orb of fire (Zot:2)
  2 ancient liches
  Mennas (Tomb:1)
  2 royal mummies (Tomb:1)
  A Killer Klown (Zot:4)
  2 curse toes (Zot:2)
  7 golden dragons
  An electric golem (Zot:1)
  15 tentacled monstrosities
  Jorgrun (D:13)
  A walking earthen tome (Depths:3)
  12 titans
  A deep elf blademaster (Crypt:2)
  5 quicksilver dragons
  3 deep elf master archers (Crypt:1)
  3 liches
  7 sphinxes
  11 shadow dragons
  9 death cobs
  2 ancient champions
  Donald (Vaults:3)
  10 storm dragons
  A revenant (Tomb:1)
  7 tengu reavers
  A draconian monk (Depths:4)
  4 fenstrider witches
  17 fire giants
  4 draconian knights
  19 vault wardens
  4 draconian scorchers
  12 frost giants
  8 ghost moths
  3 iron dragons
  5 emperor scorpions
  A curse skull (Crypt:1)
  5 ghouls
  A caustic shrike zombie (Crypt:1)
  A juggernaut zombie (Depths:1)
  An orc warlord (Vaults:3)
  2 reapers
  3 draconian stormcallers
  7 draconian shifters
  6 draconian annihilators
  9 stone giants
  A war gargoyle (Vaults:5)
  22 ironbound preservers
  25 very ugly things
  4 broodmothers
  3 ironbound thunderhulks
  A rockslime zombie (Crypt:1)
  13 black draconians
  8 eleionomae
  2 deep elf annihilators
  7 dire elephants
  8 green draconians
  4 bunyips
  7 vampire knights
  12 white draconians
  10 spark wasps
  10 purple draconians
  A spark wasp (shapeshifter) (Vaults:5)
  5 red draconians
  10 yellow draconians
  3 deep elf death magi
  8 ettins
  8 eidola
  A merfolk javelineer (Depths:4)
  2 green deaths
  A blizzard demon (Depths:4)
  Josephine (D:10)
  6 jiangshi
  24 yaktaur captains
  8 mummy priests
  2 fire dragons
  Harold (D:10)
  3 entropy weavers (Spider:3)
  A deep elf high priest (Vaults:5)
  3 spriggan zombies (Crypt:1)
  4 shambling mangroves
  7 great orbs of eyes
  2 ghost crabs (Swamp:1)
  3 rakshasas
  A quicksilver dragon skeleton (Crypt:2)
  A peacekeeper (Vaults:2)
  10 ice dragons
  A fenstrider witch skeleton (Crypt:1)
  29 vault guards
  3 jorogumos
  A merfolk avatar (Lair:5)
  An ogre mage (Vaults:5)
  2 catoblepae
  9 hydras
  A radroach (Spider:1)
  7 centaur warriors
  A death knight (Crypt:1)
  2 demonspawn (Orc:2)
  4 ironbound frosthearts
  6 alligators
  6 boulder beetles
  4 dancing weapons
  A spriggan skeleton (Crypt:1)
  4 two-headed ogres
  7 deep troll earth magi
  4 death yaks (Lair:2)
  25 death scarabs
  6 spriggan berserkers
  5 deep troll shamans
  9 tengu warriors
  7 orc high priests (Orc:2)
  7 vampire magi
  8 soul eaters
  9 iron trolls
  A sun demon (Orc:2)
  13 deep elf knights
  A shadow wraith (Crypt:3)
  Lodul (D:13)
  Nergalle (D:12)
  2 sixfirhies
  16 skeletal warriors
  A titan skeleton (Crypt:1)
  14 pharaoh ants
  A sea snake (shapeshifter) (Vaults:4)
  2 sea snakes (Lair:5)
  2 death drakes (Swamp:4)
  A deep troll (shapeshifter) (Vaults:3)
  2 goliath frogs (Swamp:3)
  A glowing orange brain (Depths:1)
  15 orb spiders
  9 steelbarb worms
  67 deep trolls
  11 orc knights
  12 lindwurms
  3 flayed ghosts
  4 spriggan druids (Swamp:4)
  14 bog bodies
  2 spectral wolf spiders (Spider:4)
  11 necromancers
  5 swamp dragons
  12 deep elf pyromancers
  12 phantasmal warriors
  10 wizards
  4 deep elf archers
  7 deep elf zephyrmancers
  17 ironbound convokers
  A golden dragon skeleton (Crypt:1)
  3 harpies (Vaults:2)
  A wolf spider zombie (Spider:4)
  A mana viper (shapeshifter) (Vaults:5)
  6 orc sorcerers
  An eleionoma zombie (Crypt:1)
  A harpy (shapeshifter) (D:15)
  3 sphinx zombies (Depths:1)
  An oklob plant (Lair:2)
  23 ugly things
  A wolf spider (shapeshifter) (Vaults:5)
  22 wolf spiders
  2 will-o-the-wisps
  4 cyclopes
  3 rust devils
  25 elephants
  33 moths of wrath
  A jorogumo skeleton (Crypt:3)
  Maurice (D:12)
  17 vault sentinels
  2 gargoyles
  A naga mage (D:15)
  7 black mambas
  A hellion (Depths:2)
  5 torpor snails
  A grey draconian zombie (Crypt:1)
  3 efreet
  4 orange demons
  4 spectral redbacks (Spider:4)
  15 cane toads
  11 demonic crawlers
  2 centaur skeletons (D:15)
  A redback zombie (Spider:4)
  42 yaktaurs
  2 kobold demonologists
  An unseen horror (D:13)
  5 rime drakes
  6 freezing wraiths
  13 komodo dragons
  Maggie (D:7)
  A white draconian zombie (Crypt:2)
  A catoblepas skeleton (Crypt:2)
  26 guardian mummies
  2 hellwings
  2 ice devils (Depths:3)
  A sea snake skeleton (Crypt:1)
  4 red devils
  5 trolls
  A harpy zombie (Crypt:1)
  2 wind drakes (Lair:5)
  A troll (shapeshifter) (D:13)
  8 polar bears
  A wolf spider simulacrum (D:15)
  6 meliai
  25 tarantellas
  4 spectral tarantellas (Spider:4)
  A polar bear (shapeshifter) (D:13)
  17 blink frogs
  A culicivora zombie (Spider:4)
  A meliai zombie (D:15)
  11 tyrant leeches
  20 hornets
  4 spectral jumping spiders (Spider:4)
  A dream sheep (shapeshifter) (Vaults:5)
  7 dream sheep (Lair:3)
  A harpy skeleton (Crypt:1)
  2 jumping spider zombies (Spider:4)
  A death drake skeleton (Crypt:2)
  A snapping turtle (Lair:5)
  26 slime creatures
  An alligator zombie (Crypt:1)
  22 culicivoras
  3 flying skulls (Tomb:1)
  A fire giant simulacrum (Depths:1)
  4 centaur simulacra
  11 spriggans
  24 jumping spiders
  9 wraiths
  7 water elementals (Depths:4)
  2 wyverns
  3 vampires (WizLab)
  An ettin skeleton (Tomb:1)
  5 basilisks
  60 yaks
  13 ushabtiu
  A steam dragon (D:8)
  2 chaos spawn
  2 neqoxecs
  A redback (shapeshifter) (Depths:4)
  11 vampire mosquitoes
  50 redbacks
  3 wargs
  11 swamp worms
  A glowing shapeshifter zombie (Crypt:3)
  5 two-headed ogre zombies (WizLab)
  A cane toad zombie (Crypt:2)
  14 water moccasins
  An acid dragon (D:12)
  2 meliai simulacra
  25 orc warriors
  A sky beast (D:7)
  5 ice beasts
  A swamp drake (Swamp:2)
  4 black bears
  10 ogres
  3 boggarts (Vaults:3)
  20 wolves
  9 centaurs
  2 phantoms (D:5)
  5 kobold brigands
  14 bullfrogs
  A necrophage (Crypt:2)
  3 gnoll sergeants
  3 scorpions
  9 troll zombies
  15 wights
  4 howler monkeys
  3 jellies (Lair:5)
  3 hounds
  2 gnoll boudas
  20 orc priests
  Ijyb (D:3)
  4 iguanas
  9 orc wizards
  4 hell rats (Lair:5)
  5 ogre zombies (WizLab)
  A tengu zombie (Crypt:3)
  A deep dwarf zombie (Crypt:3)
  A tengu skeleton (Crypt:3)
  A naga skeleton (Crypt:3)
  8 mummies
  A howler monkey zombie (Crypt:2)
  24 gnolls
  5 adders
  3 white imps (D:15)
  An ufetubus (D:15)
  2 lava snake zombies
  A worm (D:3)
  6 dart slugs
  58 orcs
  7 ball pythons
  5 bats
  5 endoplasms
  A giant cockroach (D:1)
  24 goblins
  11 hobgoblins
  4 jackals (D:2)
  3 quokkas
  5 frilled lizards
  21 kobolds
  An orc skeleton (Crypt:2)
  5 rats
  A plant (Lair:5)
  A withered plant (Crypt:3)
2040 creatures vanquished.

Vanquished Creatures (collateral kills)
  6 royal mummies
  Boris (Tomb:1)
  A sphinx (Tomb:1)
  3 mummy priests (Tomb:1)
  8 death scarabs (Tomb:1)
  3 guardian mummies
  3 flying skulls (Tomb:1)
  An ushabti (Tomb:1)
26 creatures vanquished.

Vanquished Creatures (others)
  A black draconian (Zot:2)
  A wizard (Depths:1)
  A wolf spider (Spider:4)
  A torpor snail (Spider:4)
  A boggart (Vaults:3)
  A kobold (D:8)
  4 foxfires
  30 fungi
  49 plants
  11 withered plants
100 creatures vanquished.

Grand Total: 2166 creatures vanquished

Notes
Turn   | Place    | Note
-------+----------+-------------------------------------------
     0 | D:1      | qw the Gargoyle Fighter began the quest for the Orb.
     0 | D:1      | Reached XP level 1. HP: 14/14 MP: 1/1
     0 | D:1      | 0 ||| qw: Version: 0.2-a-17-g06abaee
     0 | D:1      | 0 ||| qw: Game counter: 2359
     0 | D:1      | 0 ||| qw: Always use a shield: true
     0 | D:1      | 0 ||| qw: God list: Okawaru
     0 | D:1      | 0 ||| qw: Allow faded altars: false
     0 | D:1      | 0 ||| qw: Do Orc after D:15 true
     0 | D:1      | 0 ||| qw: Do second Lair branch before Depths: true
     0 | D:1      | 0 ||| qw: Lair rune preference: random
     0 | D:1      | 0 ||| qw: Plans: Normal, Zot:1-4, God:TSO, Crypt, Tomb,
                  | Pan, Slime:5, Hells, Abyss, Orb
     0 | D:1      | 0 ||| PLANNING D:1-11
    68 | D:1      | 68 ||| Stepping ~*~*~tactically~*~*~ (stealth).
   102 | D:1      | 102 ||| Stepping ~*~*~tactically~*~*~ (stealth).
   105 | D:1      | 105 ||| Stepping ~*~*~tactically~*~*~ (stealth).
   108 | D:1      | 108 ||| Stepping ~*~*~tactically~*~*~ (stealth).
   114 | D:1      | Reached XP level 2. HP: 19/19 MP: 2/2
   223 | D:1      | 223 ||| Stepping ~*~*~tactically~*~*~ (hiding).
   229 | D:1      | Reached skill level 3 in Axes
   341 | D:1      | Reached XP level 3. HP: 23/23 MP: 3/3
   460 | D:1      | 460 ||| Stepping ~*~*~tactically~*~*~ (stealth).
   462 | D:1      | 462 ||| Stepping ~*~*~tactically~*~*~ (stealth).
   592 | D:1      | 592 ||| UPGRADING to +0 helmet.
   597 | D:1      | 597 ||| READING 2 scrolls labelled TYKUAD SYIWN.
   627 | D:2      | 627 ||| STAIRDANCE
   638 | D:2      | Found a stormy altar of Qazlal.
   721 | D:2      | Reached XP level 4. HP: 26/28 MP: 4/4
   740 | D:2      | Identified the +6 sling of Vanity {venom, rPois Int-3 Dex+6
                  | SInv}
   871 | D:2      | 871 ||| Stepping ~*~*~tactically~*~*~ (stealth).
   905 | D:2      | 905 ||| Stepping ~*~*~tactically~*~*~ (stealth).
   910 | D:2      | 910 ||| Stepping ~*~*~tactically~*~*~ (stealth).
  1089 | D:2      | 1089 ||| DROPPING +0 club.
  1171 | D:2      | 1171 ||| UPGRADING to +0 chain mail.
  1181 | D:2      | 1181 ||| DROPPING +0 scale mail.
  1182 | D:2      | 1182 ||| UPGRADING to amulet of guardian spirit.
  1187 | D:2      | 1187 ||| READING scroll labelled KEDGHUF OFUPAAFF.
  1188 | D:2      | 1188 ||| READING scroll labelled WOIKLYH CIOGU.
  1189 | D:2      | 1189 ||| DRINKING 3 red potions.
  1190 | D:2      | 1190 ||| DRINKING 2 viscous coppery potions.
  1235 | D:3      | Found a shadowy altar of Dithmenos.
  1287 | D:3      | 1287 ||| READING scroll of enchant weapon.
  1287 | D:3      | 1287 ||| ENCHANTING +1 war axe.
  1548 | D:3      | Noticed a scorpion
  1559 | D:3      | Killed a scorpion
  1560 | D:3      | Reached XP level 5. HP: 32/32 MP: 5/5
  1756 | D:3      | 1756 ||| READING scroll of enchant weapon.
  1756 | D:3      | 1756 ||| ENCHANTING +2 war axe.
  1789 | D:3      | Noticed Ijyb
  1804 | D:3      | Killed Ijyb
  2027 | D:3      | 2027 ||| READING scroll labelled QAATIL NUQEBB.
  2028 | D:3      | 2028 ||| DRINKING 3 bubbling amethyst potions.
  2028 | D:3      | Gained mutation: You are somewhat resistant to further
                  | mutation. [potion of mutation]
  2028 | D:3      | Gained mutation: Your spells are a little easier to cast,
                  | but a little less powerful. [potion of mutation]
  2056 | D:4      | 2056 ||| STAIRDANCE
  2096 | D:4      | Identified the +4 trident of Ofairuar {vorpal, rF++}
  2237 | D:4      | Found a broken altar of Ashenzari.
  2249 | D:4      | 2249 ||| DROPPING +0 whip.
  2350 | D:4      | 2350 ||| Stepping ~*~*~tactically~*~*~ (hiding).
  2352 | D:4      | 2352 ||| Stepping ~*~*~tactically~*~*~ (hiding).
  2473 | D:4      | Reached skill level 4 in Fighting
  2473 | D:4      | Reached XP level 6. HP: 35/38 MP: 6/6
  2828 | D:4      | 2828 ||| READING scroll labelled EHYZEI QOEKA.
  2829 | D:4      | 2829 ||| READING 3 scrolls labelled FASAFIANO REITS.
  2830 | D:4      | 2830 ||| READING 2 scrolls of brand weapon.
  2830 | D:4      | 2830 ||| BRANDING +3 vorpal war axe.
  2831 | D:4      | 2831 ||| READING scroll of brand weapon.
  2831 | D:4      | 2831 ||| BRANDING +3 war axe of freezing.
  2832 | D:4      | 2832 ||| DRINKING 2 metallic cyan potions.
  2833 | D:4      | 2833 ||| DROPPING potion of flight.
  2872 | D:5      | Entered Level 5 of the Dungeon
  2872 | D:5      | Found an ancient bone altar of Kikubaaqudgha.
  2996 | D:5      | Reached skill level 6 in Axes
  3006 | D:5      | 3006 ||| FLEEEEING.
  3134 | D:5      | Found a glowing golden altar of the Shining One.
  3150 | D:5      | Reached skill level 1 in Dodging
  3150 | D:5      | Reached XP level 7. HP: 43/43 MP: 5/7
  3173 | D:5      | Found a stormy altar of Qazlal.
  3180 | D:5      | Found a blossoming altar of Fedhas.
  3231 | D:5      | 3231 ||| Stepping ~*~*~tactically~*~*~ (stealth).
  3233 | D:5      | 3233 ||| Stepping ~*~*~tactically~*~*~ (hiding).
  3391 | D:5      | Reached skill level 5 in Fighting
  3418 | D:5      | Reached XP level 8. HP: 49/49 MP: 8/8
  3844 | D:5      | 3844 ||| UPGRADING to +0 plate armour.
  3854 | D:5      | 3854 ||| DROPPING +0 chain mail.
  3855 | D:5      | 3855 ||| UPGRADING to +2 buckler.
  3865 | D:5      | 3865 ||| DROPPING +0 buckler.
  3866 | D:5      | 3866 ||| READING scroll labelled POGIVO OHAFEEPS.
  3998 | D:6      | 3998 ||| Stepping ~*~*~tactically~*~*~ (hiding).
  3999 | D:6      | 3999 ||| Stepping ~*~*~tactically~*~*~ (hiding).
  4033 | D:6      | 4033 ||| Stepping ~*~*~tactically~*~*~ (stealth).
  4275 | D:6      | Found a staircase to the Ecumenical Temple.
  4276 | D:6      | 4276 ||| PLANNING TEMPLE
  4276 | D:6      | 4276 ||| UPGRADING to amulet of reflection.
  4286 | D:6      | 4286 ||| DROPPING amulet of guardian spirit.
  4287 | D:6      | 4287 ||| READING scroll labelled IPNUMNIACI.
  4288 | D:6      | 4288 ||| READING scroll labelled JIZUVE YFRUQOTT.
  4293 | D:6      | 4293 ||| FLEEEEING.
  4295 | D:6      | 4295 ||| FLEEEEING.
  4296 | D:6      | 4296 ||| FLEEEEING.
  4297 | D:6      | 4297 ||| FLEEEEING.
  4298 | D:6      | 4298 ||| FLEEEEING.
  4301 | D:6      | 4301 ||| FLEEEEING.
  4302 | D:6      | 4302 ||| FLEEEEING.
  4308 | D:6      | 4308 ||| FLEEEEING.
  4309 | D:6      | 4309 ||| FLEEEEING.
  4313 | D:6      | 4313 ||| FLEEEEING.
  4314 | D:6      | 4314 ||| FLEEEEING.
  4315 | D:6      | 4315 ||| FLEEEEING.
  4316 | D:6      | 4316 ||| FLEEEEING.
  4317 | D:6      | 4317 ||| FLEEEEING.
  4318 | D:6      | 4318 ||| FLEEEEING.
  4319 | D:6      | 4319 ||| FLEEEEING.
  4320 | D:6      | 4320 ||| FLEEEEING.
  4321 | D:6      | 4321 ||| FLEEEEING.
  4322 | D:6      | 4322 ||| FLEEEEING.
  4323 | D:6      | 4323 ||| FLEEEEING.
  4324 | D:6      | 4324 ||| FLEEEEING.
  4325 | D:6      | 4325 ||| FLEEEEING.
  4326 | D:6      | 4326 ||| FLEEEEING.
  4334 | D:6      | 4334 ||| FLEEEEING.
  4339 | D:6      | 4339 ||| FLEEEEING.
  4340 | D:6      | 4340 ||| FLEEEEING.
  4341 | D:6      | 4341 ||| FLEEEEING.
  4342 | D:6      | 4342 ||| FLEEEEING.
  4343 | D:6      | 4343 ||| FLEEEEING.
  4344 | D:6      | 4344 ||| FLEEEEING.
  4352 | D:6      | 4352 ||| FLEEEEING.
  4353 | D:6      | 4353 ||| FLEEEEING.
  4354 | D:6      | 4354 ||| FLEEEEING.
  4357 | D:6      | 4357 ||| STAIRDANCE
  4361 | D:6      | 4361 ||| STAIRDANCE
  4372 | D:6      | 4372 ||| STAIRDANCE
  4456 | Temple   | Entered the Ecumenical Temple
  4617 | Temple   | 4617 ||| PLANNING D:1-11
  5085 | D:6      | 5085 ||| UPGRADING to +1 helmet.
  5095 | D:6      | 5095 ||| DROPPING +0 helmet.
  5096 | D:6      | 5096 ||| READING scroll labelled NENAWE OLIFEI.
  5097 | D:6      | 5097 ||| DRINKING 2 brown potions.
  5315 | D:7      | Reached skill level 6 in Fighting
  5331 | D:7      | Found a shimmering blue altar of Sif Muna.
  5333 | D:7      | Found a bloodstained altar of Trog.
  5377 | D:7      | 5377 ||| Stepping ~*~*~tactically~*~*~ (hiding).
  5379 | D:7      | 5379 ||| Stepping ~*~*~tactically~*~*~ (hiding).
  5394 | D:7      | Reached XP level 9. HP: 48/55 MP: 9/9
  5452 | D:7      | Identified the +3 ring mail of Experimentation {-Tele rF+
                  | rN+ Int+4}
  5456 | D:7      | Found an iron altar of Okawaru.
  5457 | D:7      | 5457 ||| PLANNING OKAWARU WORSHIP
  5457 | D:7      | 5457 ||| READING scroll labelled UTHICR RIMP.
  5458 | D:7      | 5458 ||| DRINKING 2 white potions.
  5563 | D:7      | 5563 ||| READING 2 scrolls of identify.
  5563 | D:7      | 5563 ||| IDENTIFYING sedimented cyan potion
  5564 | D:7      | 5564 ||| DROPPING potion of brilliance.
  5565 | D:7      | 5565 ||| DROPPING potion of berserk rage.
  5567 | D:7      | Found a snail-covered altar of Cheibriados.
  5574 | D:7      | Became a worshipper of Warmaster Okawaru
  5575 | D:7      | 5575 ||| PLANNING D:1-11
  5812 | D:7      | Noticed Maggie
  5832 | D:7      | Killed Maggie
  5833 | D:7      | Reached skill level 9 in Axes
  6153 | D:7      | 6153 ||| UPGRADING to ring of see invisible.
  6206 | D:8      | Found a staircase to the Lair.
  6207 | D:8      | Noticed a komodo dragon
  6216 | D:8      | Killed a komodo dragon
  6216 | D:8      | Reached * piety under Okawaru
  6217 | D:8      | Reached skill level 7 in Fighting
  6400 | D:8      | Reached skill level 1 in Invocations
  6439 | D:8      | Noticed a komodo dragon
  6440 | D:8      | 6440 ||| INVOKING Heroism.
  6445 | D:8      | Killed a komodo dragon
  6516 | D:8      | 6516 ||| INVOKING Heroism.
  6521 | D:8      | Reached skill level 6 in Armour
  6521 | D:8      | Reached skill level 3 in Invocations
  6693 | D:8      | 6693 ||| INVOKING Heroism.
  6704 | D:8      | Reached XP level 10. HP: 59/63 MP: 10/12
  6997 | D:8      | 6997 ||| DROPPING +0 flail.
  7160 | D:8      | 7160 ||| PLANNING LAIR
  7160 | D:8      | 7160 ||| READING scroll labelled PIOPLI CITUAMN.
  7202 | D:8      | 7202 ||| DRINKING 2 lumpy sapphire potions.
  7279 | Lair:1   | Entered Level 1 of the Lair of Beasts
  7310 | Lair:1   | Noticed a cane toad
  7311 | Lair:1   | 7311 ||| INVOKING Heroism.
  7316 | Lair:1   | Killed a cane toad
  7389 | Lair:1   | 7389 ||| INVOKING Heroism.
  7428 | Lair:1   | Noticed a cane toad
  7429 | Lair:1   | 7429 ||| INVOKING Heroism.
  7433 | Lair:1   | Killed a cane toad
  7439 | Lair:1   | Reached ** piety under Okawaru
  7533 | Lair:1   | Noticed a cane toad
  7534 | Lair:1   | 7534 ||| INVOKING Heroism.
  7540 | Lair:1   | Killed a cane toad
  7541 | Lair:1   | Reached skill level 8 in Fighting
  7734 | Lair:1   | 7734 ||| INVOKING Heroism.
  8225 | Lair:1   | 8225 ||| UPGRADING to +0 pair of gloves.
  8230 | Lair:1   | 8230 ||| READING scroll labelled PUQUBBINEL.
  8231 | Lair:1   | 8231 ||| READING scroll labelled JUIGREGO MECEI.
  8264 | Lair:2   | 8264 ||| Stepping ~*~*~tactically~*~*~ (stealth).
  8265 | Lair:2   | 8265 ||| INVOKING Heroism.
  8273 | Lair:2   | Reached *** piety under Okawaru
  8296 | Lair:2   | Noticed a torpor snail
  8297 | Lair:2   | 8297 ||| INVOKING Heroism.
  8303 | Lair:2   | Killed a torpor snail
  8304 | Lair:2   | Reached XP level 11. HP: 69/69 MP: 12/14
  8358 | Lair:2   | 8358 ||| INVOKING Heroism.
  8366 | Lair:2   | Reached skill level 9 in Fighting
  8472 | Lair:2   | 8472 ||| INVOKING Heroism.
  8510 | Lair:2   | 8510 ||| Stepping ~*~*~tactically~*~*~ (hiding).
  8516 | Lair:2   | 8516 ||| INVOKING Heroism.
  8523 | Lair:2   | Reached **** piety under Okawaru
  8535 | Lair:2   | 8535 ||| INVOKING Heroism.
  8558 | Lair:2   | 8558 ||| Stepping ~*~*~tactically~*~*~ (stealth).
  8559 | Lair:2   | 8559 ||| INVOKING Heroism.
  8588 | Lair:2   | 8588 ||| READING scroll of enchant weapon.
  8588 | Lair:2   | 8588 ||| ENCHANTING +3 spectral war axe.
  8607 | Lair:2   | 8607 ||| INVOKING Heroism.
  8660 | Lair:2   | 8660 ||| INVOKING Heroism.
  8780 | Lair:2   | Found a white marble altar of Elyvilon.
  8780 | Lair:2   | Noticed an oklob plant
  8781 | Lair:2   | 8781 ||| INVOKING Heroism.
  8791 | Lair:2   | Killed an oklob plant
  8792 | Lair:2   | Reached skill level 6 in Invocations
  8961 | Lair:2   | 8961 ||| READING scroll labelled PAWKAE YXZOARO.
  8962 | Lair:2   | 8962 ||| READING 2 scrolls of identify.
  8962 | Lair:2   | 8962 ||| IDENTIFYING purple potion
  8982 | Lair:3   | Noticed a death yak
  8982 | Lair:3   | Noticed a death yak
  8982 | Lair:3   | Noticed a death yak
  8982 | Lair:3   | Noticed a death yak
  8983 | Lair:3   | 8983 ||| INVOKING Heroism.
  8984 | Lair:3   | 8984 ||| STAIRDANCE
  8993 | Lair:2   | Killed a death yak
  8994 | Lair:2   | Reached skill level 3 in Throwing
  9011 | Lair:3   | 9011 ||| INVOKING Heroism.
  9016 | Lair:3   | 9016 ||| STAIRDANCE
  9016 | Lair:3   | Noticed a six-headed hydra
  9019 | Lair:2   | Killed a death yak
  9019 | Lair:2   | HP: 10/71 [death yak (9)]
  9020 | Lair:2   | Reached skill level 12 in Axes
  9020 | Lair:2   | 9020 ||| READING 3 scrolls of teleportation.
  9021 | Lair:2   | 9021 ||| DRINKING 3 potions of heal wounds.
  9023 | Lair:2   | Killed a death yak
  9023 | Lair:2   | Reached ***** piety under Okawaru
  9160 | Lair:3   | 9160 ||| STAIRDANCE
  9162 | Lair:2   | 9162 ||| INVOKING Heroism.
  9163 | Lair:2   | 9163 ||| INVOKING Finesse.
  9169 | Lair:2   | Killed a death yak
  9170 | Lair:2   | Reached XP level 12. HP: 40/76 MP: 9/17
  9283 | Lair:3   | 9283 ||| INVOKING Heroism.
  9284 | Lair:3   | 9284 ||| SWAPPING to +2 flail of holy wrath.
  9285 | Lair:3   | 9285 ||| INVOKING Finesse.
  9293 | Lair:3   | Killed a six-headed hydra
  9294 | Lair:3   | 9294 ||| SWAPPING to +4 spectral war axe.
  9337 | Lair:3   | 9337 ||| STAIRDANCE
  9411 | Lair:3   | Reached skill level 6 in Shields
  9433 | Lair:3   | 9433 ||| INVOKING Heroism.
  9493 | Lair:3   | 9493 ||| Stepping ~*~*~tactically~*~*~ (stealth).
  9536 | Lair:3   | 9536 ||| INVOKING Heroism.
  9540 | Lair:3   | Identified the +2 hat of Happiness {Str+8 Int+4 Dex-5}
                  | (Okawaru gifted it to you on level 3 of the Lair of Beasts)
  9540 | Lair:3   | Received a gift from Okawaru
  9582 | Lair:3   | 9582 ||| Stepping ~*~*~tactically~*~*~ (stealth).
  9590 | Lair:3   | 9590 ||| INVOKING Heroism.
  9602 | Lair:3   | 9602 ||| Stepping ~*~*~tactically~*~*~ (stealth).
  9610 | Lair:3   | Reached skill level 9 in Armour
  9610 | Lair:3   | Reached skill level 9 in Invocations
  9622 | Lair:3   | 9622 ||| INVOKING Heroism.
  9701 | Lair:3   | 9701 ||| INVOKING Heroism.
  9781 | Lair:3   | 9781 ||| INVOKING Heroism.
  9787 | Lair:3   | Reached skill level 10 in Fighting
  9858 | Lair:3   | Found a staircase to the Swamp.
  9896 | Lair:3   | Found a hole to the Spider Nest.
 10009 | Lair:3   | 10009 ||| INVOKING Heroism.
 10017 | Lair:3   | Received a gift from Okawaru
 10018 | Lair:3   | Reached XP level 13. HP: 52/82 MP: 18/20
 10116 | Lair:3   | 10116 ||| DROPPING +1 broad axe of distortion.
 10141 | Lair:3   | Found an opulent altar of Gozag.
 10488 | Lair:4   | 10488 ||| Stepping ~*~*~tactically~*~*~ (stealth).
 10506 | Lair:4   | 10506 ||| FLEEEEING.
 10507 | Lair:4   | 10507 ||| STAIRDANCE
 10578 | Lair:4   | 10578 ||| INVOKING Heroism.
 10579 | Lair:4   | 10579 ||| INVOKING Finesse.
 10581 | Lair:4   | 10581 ||| SWAPPING to +2 flail of holy wrath.
 10592 | Lair:4   | 10592 ||| SWAPPING to +4 spectral war axe.
 10685 | Lair:4   | 10685 ||| INVOKING Heroism.
 10890 | Lair:4   | 10890 ||| INVOKING Heroism.
 10891 | Lair:4   | 10891 ||| INVOKING Finesse.
 10893 | Lair:4   | 10893 ||| SWAPPING to +2 flail of holy wrath.
 10909 | Lair:4   | 10909 ||| SWAPPING to +4 spectral war axe.
 11428 | Lair:4   | 11428 ||| Stepping ~*~*~tactically~*~*~ (stealth).
 11431 | Lair:4   | 11431 ||| Stepping ~*~*~tactically~*~*~ (stealth).
 11436 | Lair:4   | Identified the +3 acid dragon scales of the Iron City of
                  | Dis {+Blink rCorr Int+4} (Okawaru gifted it to you on level
                  | 4 of the Lair of Beasts)
 11436 | Lair:4   | Received a gift from Okawaru
 11449 | Lair:4   | 11449 ||| FLEEEEING.
 11450 | Lair:4   | 11450 ||| FLEEEEING.
 11451 | Lair:4   | 11451 ||| FLEEEEING.
 11452 | Lair:4   | 11452 ||| FLEEEEING.
 11453 | Lair:4   | 11453 ||| FLEEEEING.
 11454 | Lair:4   | 11454 ||| FLEEEEING.
 11455 | Lair:4   | 11455 ||| FLEEEEING.
 11456 | Lair:4   | 11456 ||| FLEEEEING.
 11457 | Lair:4   | 11457 ||| FLEEEEING.
 11459 | Lair:4   | 11459 ||| FLEEEEING.
 11460 | Lair:4   | 11460 ||| FLEEEEING.
 11461 | Lair:4   | 11461 ||| FLEEEEING.
 11462 | Lair:4   | 11462 ||| FLEEEEING.
 11463 | Lair:4   | 11463 ||| FLEEEEING.
 11502 | Lair:4   | 11502 ||| Stepping ~*~*~tactically~*~*~ (stealth).
 11545 | Lair:4   | 11545 ||| READING scroll of enchant weapon.
 11545 | Lair:4   | 11545 ||| ENCHANTING +4 spectral war axe.
 11628 | Lair:4   | 11628 ||| DROPPING amulet of the acrobat.
 11629 | Lair:4   | 11629 ||| DROPPING amulet of regeneration.
 11630 | Lair:4   | 11630 ||| READING 2 scrolls of identify.
 11630 | Lair:4   | 11630 ||| IDENTIFYING lumpy blue potion
 11643 | Lair:5   | Entered Level 5 of the Lair of Beasts
 11644 | Lair:5   | 11644 ||| INVOKING Heroism.
 11729 | Lair:5   | 11729 ||| Stepping ~*~*~tactically~*~*~ (stealth).
 11734 | Lair:5   | Reached skill level 11 in Fighting
 11806 | Lair:5   | 11806 ||| INVOKING Heroism.
 11876 | Lair:5   | 11876 ||| INVOKING Heroism.
 11914 | Lair:5   | 11914 ||| INVOKING Heroism.
 11925 | Lair:5   | 11925 ||| Stepping ~*~*~tactically~*~*~ (stealth).
 11935 | Lair:5   | 11935 ||| INVOKING Finesse.
 11967 | Lair:5   | 11967 ||| Stepping ~*~*~tactically~*~*~ (water).
 11994 | Lair:5   | 11994 ||| Stepping ~*~*~tactically~*~*~ (water).
 11995 | Lair:5   | 11995 ||| INVOKING Heroism.
 12042 | Lair:5   | 12042 ||| INVOKING Heroism.
 12051 | Lair:5   | 12051 ||| Stepping ~*~*~tactically~*~*~ (water).
 12114 | Lair:5   | 12114 ||| INVOKING Heroism.
 12129 | Lair:5   | Received a gift from Okawaru
 12147 | Lair:5   | 12147 ||| INVOKING Heroism.
 12180 | Lair:5   | 12180 ||| INVOKING Heroism.
 12192 | Lair:5   | Gained mutation: Your large and strong wings let you fly.
                  | [Gargoyle growth]
 12192 | Lair:5   | Reached XP level 14. HP: 77/90 MP: 19/21
 12253 | Lair:5   | Reached skill level 15 in Axes
 12267 | Lair:5   | 12267 ||| INVOKING Heroism.
 12326 | Lair:5   | 12326 ||| INVOKING Heroism.
 12567 | Lair:5   | 12567 ||| INVOKING Heroism.
 12582 | Lair:5   | Reached skill level 12 in Fighting
 12744 | Lair:5   | 12744 ||| Stepping ~*~*~tactically~*~*~ (stealth).
 12755 | Lair:5   | 12755 ||| Stepping ~*~*~tactically~*~*~ (stealth).
 12756 | Lair:5   | 12756 ||| Stepping ~*~*~tactically~*~*~ (stealth).
 12869 | Lair:5   | Found a staircase to the Slime Pits.
 12913 | Lair:5   | 12913 ||| INVOKING Heroism.
 12955 | Lair:5   | 12955 ||| UPGRADING to +1 pair of boots.
 12960 | Lair:5   | 12960 ||| READING 2 scrolls of identify.
 12960 | Lair:5   | 12960 ||| IDENTIFYING murky white potion
 12984 | Lair:4   | Received a gift from Okawaru
 12989 | Lair:4   | 12989 ||| INVOKING Heroism.
 12990 | Lair:4   | 12990 ||| INVOKING Finesse.
 13051 | Lair:4   | 13051 ||| READING 2 scrolls of identify.
 13051 | Lair:4   | 13051 ||| IDENTIFYING smoky brown potion
 13079 | Lair:5   | Identified the +10 trident of Agenga {vorpal, rPois Dex+3}
 13312 | Lair:5   | 13312 ||| PLANNING D:1-11
 13474 | D:9      | Found a radiant altar of Vehumet.
 13485 | D:9      | 13485 ||| Stepping ~*~*~tactically~*~*~ (hiding).
 13523 | D:9      | 13523 ||| INVOKING Heroism.
 13709 | D:9      | 13709 ||| Stepping ~*~*~tactically~*~*~ (hiding).
 13769 | D:9      | Found a staircase to the Orcish Mines.
 14104 | D:9      | 14104 ||| UPGRADING to +4 ring of evasion.
 14128 | D:10     | Entered Level 10 of the Dungeon
 14129 | D:10     | 14129 ||| STAIRDANCE
 14144 | D:10     | 14144 ||| STAIRDANCE
 14167 | D:10     | 14167 ||| INVOKING Heroism.
 14177 | D:10     | 14177 ||| STAIRDANCE
 14181 | D:9      | Received a gift from Okawaru
 14186 | D:10     | 14186 ||| STAIRDANCE
 14193 | D:10     | 14193 ||| STAIRDANCE
 14200 | D:10     | 14200 ||| STAIRDANCE
 14217 | D:10     | Found a flagged portal.
 14282 | D:10     | 14282 ||| Stepping ~*~*~tactically~*~*~ (stealth).
 14288 | D:10     | 14288 ||| INVOKING Heroism.
 14471 | D:10     | Found Jukkoit's Jewellery Shoppe.
 14482 | D:10     | 14482 ||| BUYING +4 ring of protection (396 gold).
 14482 | D:10     | Bought a +4 ring of protection for 396 gold pieces
 14482 | D:10     | 14482 ||| BUYING ring of ice (275 gold).
 14482 | D:10     | Bought a ring of ice for 275 gold pieces
 14482 | D:10     | 14482 ||| BUYING ring of protection from fire (275 gold).
 14482 | D:10     | Bought a ring of protection from fire for 275 gold pieces
 14482 | D:10     | 14482 ||| SHOPLISTING ring of resist corrosion (220 gold,
                  | have 188).
 14511 | D:10     | 14511 ||| INVOKING Heroism.
 14583 | D:10     | Noticed Harold
 14607 | D:10     | Killed Harold
 14829 | D:10     | Noticed Josephine
 14830 | D:10     | 14830 ||| INVOKING Heroism.
 14838 | D:10     | Killed Josephine
 15171 | D:11     | 15171 ||| INVOKING Heroism.
 15214 | D:11     | You are sucked into a shaft and drop 2 floors!
 15220 | D:13     | 15220 ||| Stepping ~*~*~tactically~*~*~ (hiding).
 15397 | D:13     | 15397 ||| Stepping ~*~*~tactically~*~*~ (hiding).
 15400 | D:13     | 15400 ||| Stepping ~*~*~tactically~*~*~ (hiding).
 15401 | D:13     | 15401 ||| Stepping ~*~*~tactically~*~*~ (hiding).
 15403 | D:13     | 15403 ||| Stepping ~*~*~tactically~*~*~ (hiding).
 15408 | D:13     | 15408 ||| INVOKING Heroism.
 15456 | D:13     | 15456 ||| Stepping ~*~*~tactically~*~*~ (hiding).
 15457 | D:13     | 15457 ||| Stepping ~*~*~tactically~*~*~ (hiding).
 15618 | D:11     | Identified the -1 pair of gloves "Kyrchusch" {rPois rC- rN+
                  | Slay+5} (Okawaru gifted it to you on level 11 of the
                  | Dungeon)
 15618 | D:11     | Received a gift from Okawaru
 15855 | D:11     | 15855 ||| Stepping ~*~*~tactically~*~*~ (stealth).
 15861 | D:11     | 15861 ||| Stepping ~*~*~tactically~*~*~ (stealth).
 16325 | D:11     | 16325 ||| PLANNING D
 16325 | D:11     | 16325 ||| UPGRADING to -1 pair of gloves "Kyrchusch" {rPois
                  | rC- rN+ Slay+5}.
 16335 | D:11     | 16335 ||| READING scroll labelled DUOGEQ XAONIKO.
 16365 | D:12     | 16365 ||| Stepping ~*~*~tactically~*~*~ (hiding).
 16366 | D:12     | 16366 ||| Stepping ~*~*~tactically~*~*~ (hiding).
 16369 | D:12     | 16369 ||| INVOKING Heroism.
 16373 | D:12     | 16373 ||| Stepping ~*~*~tactically~*~*~ (hiding).
 16562 | D:12     | Noticed Maurice
 16563 | D:12     | 16563 ||| DRINKING 12 potions of curing.
 16563 | D:12     | 16563 ||| (to cure confusion)
 16564 | D:12     | 16564 ||| Stepping ~*~*~tactically~*~*~ (hiding).
 16578 | D:12     | 16578 ||| DRINKING 11 potions of curing.
 16578 | D:12     | 16578 ||| (to cure confusion)
 16579 | D:12     | Killed Maurice
 16580 | D:12     | Reached XP level 15. HP: 96/96 MP: 22/22
 16629 | D:12     | 16629 ||| Stepping ~*~*~tactically~*~*~ (stealth).
 16630 | D:12     | 16630 ||| Stepping ~*~*~tactically~*~*~ (stealth).
 16635 | D:12     | 16635 ||| Stepping ~*~*~tactically~*~*~ (stealth).
 16636 | D:12     | 16636 ||| Stepping ~*~*~tactically~*~*~ (stealth).
 16675 | D:12     | 16675 ||| Stepping ~*~*~tactically~*~*~ (hiding).
 16812 | D:12     | Reached skill level 3 in Dodging
 16951 | D:12     | 16951 ||| Stepping ~*~*~tactically~*~*~ (hiding).
 17079 | D:12     | 17079 ||| FLEEEEING.
 17080 | D:12     | 17080 ||| FLEEEEING.
 17081 | D:12     | 17081 ||| FLEEEEING.
 17082 | D:12     | 17082 ||| FLEEEEING.
 17096 | D:12     | 17096 ||| FLEEEEING.
 17097 | D:12     | 17097 ||| FLEEEEING.
 17114 | D:12     | Reached skill level 12 in Armour
 17139 | D:12     | Noticed Nergalle
 17146 | D:12     | Killed Nergalle
 17191 | D:12     | 17191 ||| Stepping ~*~*~tactically~*~*~ (hiding).
 17298 | D:12     | 17298 ||| UPGRADING to +0 cloak.
 17317 | D:13     | 17317 ||| Stepping ~*~*~tactically~*~*~ (stealth).
 17318 | D:13     | 17318 ||| Stepping ~*~*~tactically~*~*~ (stealth).
 17322 | D:13     | 17322 ||| Stepping ~*~*~tactically~*~*~ (stealth).
 17329 | D:13     | 17329 ||| Stepping ~*~*~tactically~*~*~ (stealth).
 17330 | D:13     | 17330 ||| Stepping ~*~*~tactically~*~*~ (stealth).
 17335 | D:13     | Noticed Lodul
 17341 | D:13     | Killed Lodul
 17347 | D:13     | 17347 ||| Stepping ~*~*~tactically~*~*~ (stealth).
 17348 | D:13     | 17348 ||| Stepping ~*~*~tactically~*~*~ (stealth).
 17477 | D:13     | 17477 ||| Stepping ~*~*~tactically~*~*~ (hiding).
 17608 | D:13     | Noticed Jorgrun
 17609 | D:13     | 17609 ||| INVOKING Heroism.
 17610 | D:13     | 17610 ||| INVOKING Finesse.
 17616 | D:13     | Reached skill level 13 in Fighting
 17620 | D:13     | HP: 11/98 [Jorgrun/Lee's Rapid Deconstruction (38)]
 17620 | D:13     | HP: 4/98 [constriction (7)]
 17621 | D:13     | 17621 ||| READING 3 scrolls of teleportation.
 17622 | D:13     | 17622 ||| DRINKING 5 potions of heal wounds.
 17623 | D:13     | 17623 ||| DRINKING 4 potions of heal wounds.
 17624 | D:13     | 17624 ||| DRINKING 3 potions of heal wounds.
 17625 | D:13     | 17625 ||| DRINKING 2 potions of heal wounds.
 17700 | D:13     | 17700 ||| Stepping ~*~*~tactically~*~*~ (stealth).
 17705 | D:13     | 17705 ||| Stepping ~*~*~tactically~*~*~ (stealth).
 17707 | D:13     | 17707 ||| Stepping ~*~*~tactically~*~*~ (stealth).
 17708 | D:13     | 17708 ||| INVOKING Heroism.
 17709 | D:13     | 17709 ||| INVOKING Finesse.
 17717 | D:13     | Killed Jorgrun
 17908 | D:13     | Found a gate to the Vaults.
 18146 | D:13     | 18146 ||| DROPPING +6 ring of strength.
 18147 | D:13     | 18147 ||| READING 7 scrolls of identify.
 18147 | D:13     | 18147 ||| IDENTIFYING coppery potion
 18148 | D:13     | 18148 ||| DROPPING potion of degeneration.
 18228 | D:14     | 18228 ||| Stepping ~*~*~tactically~*~*~ (stealth).
 18229 | D:14     | 18229 ||| Stepping ~*~*~tactically~*~*~ (stealth).
 18236 | D:14     | 18236 ||| Stepping ~*~*~tactically~*~*~ (stealth).
 18273 | D:14     | 18273 ||| INVOKING Heroism.
 18274 | D:14     | 18274 ||| INVOKING Finesse.
 18276 | D:14     | 18276 ||| SWAPPING to +2 flail of holy wrath.
 18281 | D:14     | 18281 ||| SWAPPING to +5 spectral war axe.
 18316 | D:14     | 18316 ||| Stepping ~*~*~tactically~*~*~ (stealth).
 18317 | D:14     | 18317 ||| Stepping ~*~*~tactically~*~*~ (stealth).
 18343 | D:14     | Found Kamadip's Distillery.
 18348 | D:14     | 18348 ||| BUYING potion of curing (54 gold).
 18348 | D:14     | Bought a potion of curing for 54 gold pieces
 18348 | D:14     | 18348 ||| BUYING potion of haste (180 gold).
 18348 | D:14     | Bought a potion of haste for 180 gold pieces
 18348 | D:14     | 18348 ||| BUYING potion of heal wounds (90 gold).
 18348 | D:14     | Bought a potion of heal wounds for 90 gold pieces
 18348 | D:14     | 18348 ||| BUYING potion of heal wounds (90 gold).
 18348 | D:14     | Bought a potion of heal wounds for 90 gold pieces
 18348 | D:14     | 18348 ||| BUYING potion of magic (144 gold).
 18348 | D:14     | Bought a potion of magic for 144 gold pieces
 18348 | D:14     | 18348 ||| BUYING potion of might (72 gold).
 18348 | D:14     | Bought a potion of might for 72 gold pieces
 18348 | D:14     | 18348 ||| BUYING potion of might (72 gold).
 18348 | D:14     | Bought a potion of might for 72 gold pieces
 18906 | D:14     | 18906 ||| DROPPING +0 pair of gloves.
 18907 | D:14     | 18907 ||| READING 6 scrolls of identify.
 18907 | D:14     | 18907 ||| IDENTIFYING metallic orange potion
 18908 | D:14     | 18908 ||| DROPPING potion of invisibility.
 18938 | D:15     | Entered Level 15 of the Dungeon
 18956 | D:15     | 18956 ||| FLEEEEING.
 18959 | D:15     | 18959 ||| FLEEEEING.
 18960 | D:15     | 18960 ||| STAIRDANCE
 19012 | D:15     | 19012 ||| STAIRDANCE
 19014 | D:14     | 19014 ||| INVOKING Heroism.
 19038 | D:15     | 19038 ||| STAIRDANCE
 19071 | D:15     | 19071 ||| Stepping ~*~*~tactically~*~*~ (hiding).
 19191 | D:15     | 19191 ||| Stepping ~*~*~tactically~*~*~ (stealth).
 19193 | D:15     | 19193 ||| Stepping ~*~*~tactically~*~*~ (hiding).
 19209 | D:15     | 19209 ||| Stepping ~*~*~tactically~*~*~ (hiding).
 19211 | D:15     | 19211 ||| Stepping ~*~*~tactically~*~*~ (hiding).
 19214 | D:15     | 19214 ||| Stepping ~*~*~tactically~*~*~ (stealth).
 19223 | D:15     | 19223 ||| INVOKING Heroism.
 19238 | D:15     | 19238 ||| Stepping ~*~*~tactically~*~*~ (stealth).
 19266 | D:15     | 19266 ||| Stepping ~*~*~tactically~*~*~ (stealth).
 19269 | D:15     | 19269 ||| Stepping ~*~*~tactically~*~*~ (stealth).
 19270 | D:15     | 19270 ||| Stepping ~*~*~tactically~*~*~ (stealth).
 19272 | D:15     | 19272 ||| Stepping ~*~*~tactically~*~*~ (stealth).
 19372 | D:15     | 19372 ||| INVOKING Heroism.
 19404 | D:15     | Reached skill level 6 in Throwing
 19418 | D:15     | 19418 ||| INVOKING Heroism.
 19421 | D:15     | Found a staircase to the Depths.
 19426 | D:15     | Reached skill level 9 in Shields
 19431 | D:15     | Received a gift from Okawaru
 19463 | D:15     | 19463 ||| Stepping ~*~*~tactically~*~*~ (hiding).
 19465 | D:15     | 19465 ||| Stepping ~*~*~tactically~*~*~ (hiding).
 19597 | D:15     | 19597 ||| FLEEEEING.
 19612 | D:15     | 19612 ||| Stepping ~*~*~tactically~*~*~ (hiding).
 19613 | D:15     | 19613 ||| Stepping ~*~*~tactically~*~*~ (hiding).
 19646 | D:15     | 19646 ||| Stepping ~*~*~tactically~*~*~ (hiding).
 19647 | D:15     | 19647 ||| Stepping ~*~*~tactically~*~*~ (hiding).
 19716 | D:15     | 19716 ||| INVOKING Heroism.
 19877 | D:15     | 19877 ||| INVOKING Heroism.
 20269 | D:15     | 20269 ||| PLANNING ORC
 20434 | Orc:1    | Entered Level 1 of the Orcish Mines
 20459 | Orc:1    | 20459 ||| Stepping ~*~*~tactically~*~*~ (stealth).
 20499 | Orc:1    | 20499 ||| Stepping ~*~*~tactically~*~*~ (hiding).
 20834 | Orc:1    | Found Syvampau's Magic Scroll Shoppe.
 20836 | Orc:1    | 20836 ||| Stepping ~*~*~tactically~*~*~ (hiding).
 20847 | Orc:1    | 20847 ||| Stepping ~*~*~tactically~*~*~ (stealth).
 20873 | Orc:1    | 20873 ||| BUYING scroll of enchant armour (90 gold).
 20873 | Orc:1    | Bought a scroll of enchant armour for 90 gold pieces
 20873 | Orc:1    | 20873 ||| BUYING scroll of enchant armour (90 gold).
 20873 | Orc:1    | Bought a scroll of enchant armour for 90 gold pieces
 20873 | Orc:1    | 20873 ||| BUYING scroll of identify (24 gold).
 20873 | Orc:1    | Bought a scroll of identify for 24 gold pieces
 20873 | Orc:1    | 20873 ||| BUYING scroll of teleportation (36 gold).
 20873 | Orc:1    | Bought a scroll of teleportation for 36 gold pieces
 20873 | Orc:1    | 20873 ||| BUYING scroll of teleportation (36 gold).
 20873 | Orc:1    | Bought a scroll of teleportation for 36 gold pieces
 20873 | Orc:1    | 20873 ||| READING 2 scrolls of enchant armour.
 20873 | Orc:1    | 20873 ||| ENCHANTING +1 helmet.
 20874 | Orc:1    | 20874 ||| READING scroll of enchant armour.
 20874 | Orc:1    | 20874 ||| ENCHANTING +1 pair of boots.
 20952 | Orc:2    | Entered Level 2 of the Orcish Mines
 20985 | Orc:2    | 20985 ||| INVOKING Heroism.
 21073 | Orc:2    | Received a gift from Okawaru
 21090 | Orc:2    | Found Jygourr's General Store.
 21091 | Orc:2    | 21091 ||| INVOKING Heroism.
 21093 | Orc:2    | Found Limmoimm's General Store.
 21111 | Orc:2    | 21111 ||| Stepping ~*~*~tactically~*~*~ (stealth).
 21116 | Orc:2    | 21116 ||| INVOKING Finesse.
 21134 | Orc:2    | Reached skill level 14 in Fighting
 21168 | Orc:2    | 21168 ||| Stepping ~*~*~tactically~*~*~ (stealth).
 21237 | Orc:2    | 21237 ||| Stepping ~*~*~tactically~*~*~ (hiding).
 21349 | Orc:2    | 21349 ||| BUYING potion of lignification (42 gold).
 21349 | Orc:2    | Bought a potion of lignification for 42 gold pieces
 21349 | Orc:2    | 21349 ||| BUYING scroll of identify (28 gold).
 21349 | Orc:2    | Bought a scroll of identify for 28 gold pieces
 21349 | Orc:2    | 21349 ||| BUYING scroll of teleportation (42 gold).
 21349 | Orc:2    | Bought a scroll of teleportation for 42 gold pieces
 21675 | Orc:2    | 21675 ||| Stepping ~*~*~tactically~*~*~ (stealth).
 21676 | Orc:2    | 21676 ||| Stepping ~*~*~tactically~*~*~ (stealth).
 21680 | Orc:2    | 21680 ||| Stepping ~*~*~tactically~*~*~ (stealth).
 21681 | Orc:2    | 21681 ||| Stepping ~*~*~tactically~*~*~ (stealth).
 21682 | Orc:2    | 21682 ||| Stepping ~*~*~tactically~*~*~ (stealth).
 21686 | Orc:2    | 21686 ||| DROPPING +2 flail of holy wrath.
 21705 | Orc:2    | 21705 ||| Stepping ~*~*~tactically~*~*~ (hiding).
 21706 | Orc:2    | 21706 ||| Stepping ~*~*~tactically~*~*~ (hiding).
 21708 | Orc:2    | 21708 ||| Stepping ~*~*~tactically~*~*~ (hiding).
 22034 | Orc:2    | Found a staircase to the Elven Halls.
 22080 | Orc:2    | 22080 ||| Stepping ~*~*~tactically~*~*~ (hiding).
 22091 | Orc:2    | 22091 ||| INVOKING Heroism.
 22098 | Orc:2    | Identified the +4 broad axe of Fynn {antimagic, rF+ Str+4}
                  | (Okawaru gifted it to you on level 2 of the Orcish Mines)
 22098 | Orc:2    | Received a gift from Okawaru
 22123 | Orc:2    | 22123 ||| SWAPPING to +4 broad axe of Fynn {antimagic, rF+
                  | Str+4}.
 22124 | Orc:2    | 22124 ||| DROPPING +5 spectral war axe.
 22126 | Orc:2    | 22126 ||| Stepping ~*~*~tactically~*~*~ (hiding).
 22129 | Orc:2    | 22129 ||| INVOKING Heroism.
 22140 | Orc:2    | 22140 ||| Stepping ~*~*~tactically~*~*~ (hiding).
 22166 | Orc:2    | 22166 ||| INVOKING Heroism.
 22176 | Orc:2    | Reached XP level 16. HP: 72/106 MP: 5/23
 22184 | Orc:2    | 22184 ||| Stepping ~*~*~tactically~*~*~ (stealth).
 22186 | Orc:2    | 22186 ||| Stepping ~*~*~tactically~*~*~ (stealth).
 22277 | Orc:2    | 22277 ||| Stepping ~*~*~tactically~*~*~ (hiding).
 22279 | Orc:2    | 22279 ||| Stepping ~*~*~tactically~*~*~ (stealth).
 22284 | Orc:2    | 22284 ||| INVOKING Heroism.
 22335 | Orc:2    | Found Ymethrom's Jewellery Shop.
 22335 | Orc:2    | Found Luyfiuxt's Antique Armour Boutique.
 22348 | Orc:2    | Found a one-way gate leading to the halls of Pandemonium.
 22350 | Orc:2    | 22350 ||| BUYING ring of fire (275 gold).
 22350 | Orc:2    | Bought a ring of fire for 275 gold pieces
 22350 | Orc:2    | 22350 ||| BUYING ring of ice (275 gold).
 22350 | Orc:2    | Bought a ring of ice for 275 gold pieces
 22350 | Orc:2    | 22350 ||| BUYING ring of resist corrosion (220 gold).
 22350 | Orc:2    | Bought a ring of resist corrosion for 220 gold pieces
 22350 | Orc:2    | 22350 ||| SHOPLISTING ring of resist corrosion (220 gold,
                  | have 4).
 22352 | Orc:2    | 22352 ||| SHOPLISTING glowing cloak (165 gold, have 4).
 22352 | Orc:2    | 22352 ||| SHOPLISTING pitted chain mail (209 gold, have 4).
 22352 | Orc:2    | 22352 ||| SHOPLISTING runed chain mail (165 gold, have 4).
 22352 | Orc:2    | 22352 ||| SHOPLISTING runed tower shield (165 gold, have
                  | 4).
 22352 | Orc:2    | 22352 ||| SHOPLISTING shiny chain mail (165 gold, have 4).
 22399 | Orc:2    | 22399 ||| PLANNING SWAMP:1-3
 22621 | Swamp:1  | Entered Level 1 of the Swamp
 22622 | Swamp:1  | 22622 ||| INVOKING Heroism.
 22624 | Swamp:1  | 22624 ||| INVOKING Finesse.
 22625 | Swamp:1  | 22625 ||| SWAPPING to +0 morningstar.
 22626 | Swamp:1  | 22626 ||| SWAPPING to +4 broad axe of Fynn {antimagic, rF+
                  | Str+4}.
 22627 | Swamp:1  | 22627 ||| SWAPPING to +0 morningstar.
 22633 | Swamp:1  | 22633 ||| SWAPPING to +4 broad axe of Fynn {antimagic, rF+
                  | Str+4}.
 22646 | Swamp:1  | Received a gift from Okawaru
 22708 | Swamp:1  | 22708 ||| DROPPING +0 morningstar.
 22762 | Swamp:1  | 22762 ||| INVOKING Heroism.
 22763 | Swamp:1  | 22763 ||| INVOKING Finesse.
 22765 | Swamp:1  | 22765 ||| SWAPPING to +1 war axe of flaming.
 22770 | Swamp:1  | 22770 ||| SWAPPING to +4 broad axe of Fynn {antimagic, rF+
                  | Str+4}.
 22978 | Swamp:1  | 22978 ||| INVOKING Heroism.
 23076 | Swamp:1  | 23076 ||| Stepping ~*~*~tactically~*~*~ (cloud).
 23547 | Swamp:2  | 23547 ||| INVOKING Heroism.
 23570 | Swamp:2  | 23570 ||| Stepping ~*~*~tactically~*~*~ (stealth).
 23576 | Swamp:2  | 23576 ||| Stepping ~*~*~tactically~*~*~ (stealth).
 23578 | Swamp:2  | 23578 ||| Stepping ~*~*~tactically~*~*~ (stealth).
 23580 | Swamp:2  | 23580 ||| Stepping ~*~*~tactically~*~*~ (hiding).
 23598 | Swamp:2  | 23598 ||| Stepping ~*~*~tactically~*~*~ (stealth).
 23600 | Swamp:2  | 23600 ||| Stepping ~*~*~tactically~*~*~ (hiding).
 23604 | Swamp:2  | 23604 ||| Stepping ~*~*~tactically~*~*~ (hiding).
 24033 | Swamp:3  | Noticed a fenstrider witch
 24034 | Swamp:3  | 24034 ||| INVOKING Heroism.
 24039 | Swamp:3  | Killed a fenstrider witch
 24041 | Swamp:3  | 24041 ||| INVOKING Finesse.
 24043 | Swamp:3  | 24043 ||| SWAPPING to +1 war axe of flaming.
 24054 | Swamp:3  | 24054 ||| SWAPPING to +4 broad axe of Fynn {antimagic, rF+
                  | Str+4}.
 24268 | Swamp:3  | 24268 ||| INVOKING Heroism.
 24269 | Swamp:3  | 24269 ||| INVOKING Finesse.
 24270 | Swamp:3  | 24270 ||| SWAPPING to +1 war axe of flaming.
 24279 | Swamp:3  | Received a gift from Okawaru
 24280 | Swamp:3  | 24280 ||| SWAPPING to +4 broad axe of Fynn {antimagic, rF+
                  | Str+4}.
 24408 | Swamp:3  | 24408 ||| Stepping ~*~*~tactically~*~*~ (hiding).
 24410 | Swamp:3  | 24410 ||| Stepping ~*~*~tactically~*~*~ (hiding).
 24430 | Swamp:3  | 24430 ||| Stepping ~*~*~tactically~*~*~ (hiding).
 24432 | Swamp:3  | 24432 ||| Stepping ~*~*~tactically~*~*~ (hiding).
 24433 | Swamp:3  | 24433 ||| INVOKING Heroism.
 24491 | Swamp:3  | 24491 ||| INVOKING Heroism.
 24621 | Swamp:3  | Identified the +8 chain mail of Gehenna {*Slow +Inv rF+}
                  | (Okawaru gifted it to you on level 3 of the Swamp)
 24621 | Swamp:3  | Received a gift from Okawaru
 24622 | Swamp:3  | 24622 ||| Stepping ~*~*~tactically~*~*~ (stealth).
 24635 | Swamp:3  | Reached skill level 18 in Axes
 24646 | Swamp:3  | 24646 ||| Stepping ~*~*~tactically~*~*~ (stealth).
 24647 | Swamp:3  | 24647 ||| Stepping ~*~*~tactically~*~*~ (stealth).
 24648 | Swamp:3  | 24648 ||| Stepping ~*~*~tactically~*~*~ (stealth).
 24649 | Swamp:3  | 24649 ||| Stepping ~*~*~tactically~*~*~ (stealth).
 24863 | Swamp:3  | 24863 ||| INVOKING Heroism.
 25026 | Swamp:3  | 25026 ||| Stepping ~*~*~tactically~*~*~ (hiding).
 25028 | Swamp:3  | 25028 ||| INVOKING Heroism.
 25074 | Swamp:3  | 25074 ||| INVOKING Heroism.
 25114 | Swamp:3  | 25114 ||| Stepping ~*~*~tactically~*~*~ (stealth).
 25115 | Swamp:3  | 25115 ||| Stepping ~*~*~tactically~*~*~ (stealth).
 25116 | Swamp:3  | 25116 ||| Stepping ~*~*~tactically~*~*~ (stealth).
 25281 | Swamp:3  | 25281 ||| PLANNING SPIDER:1-3
 25281 | Swamp:3  | 25281 ||| UPGRADING to +8 chain mail of Gehenna {*Slow +Inv
                  | rF+}.
 25291 | Swamp:3  | 25291 ||| DROPPING +0 plate armour.
 25349 | Spider:1 | Entered Level 1 of the Spider Nest
 25375 | Spider:1 | 25375 ||| Stepping ~*~*~tactically~*~*~ (stealth).
 25403 | Spider:1 | 25403 ||| Stepping ~*~*~tactically~*~*~ (stealth).
 25419 | Spider:1 | 25419 ||| Stepping ~*~*~tactically~*~*~ (stealth).
 25426 | Spider:1 | 25426 ||| Stepping ~*~*~tactically~*~*~ (stealth).
 25480 | Spider:1 | 25480 ||| Stepping ~*~*~tactically~*~*~ (stealth).
 25481 | Spider:1 | 25481 ||| Stepping ~*~*~tactically~*~*~ (stealth).
 25482 | Spider:1 | 25482 ||| INVOKING Heroism.
 25503 | Spider:1 | 25503 ||| INVOKING Heroism.
 25506 | Spider:1 | HP: 20/107 [radroach (43)]
 25507 | Spider:1 | 25507 ||| READING 8 scrolls of teleportation.
 25508 | Spider:1 | 25508 ||| DRINKING 5 potions of heal wounds.
 25742 | Spider:1 | 25742 ||| Stepping ~*~*~tactically~*~*~ (stealth).
 25744 | Spider:1 | 25744 ||| Stepping ~*~*~tactically~*~*~ (hiding).
 25804 | Spider:1 | 25804 ||| Stepping ~*~*~tactically~*~*~ (hiding).
 26011 | Spider:1 | 26011 ||| READING scroll of enchant armour.
 26011 | Spider:1 | 26011 ||| ENCHANTING +0 cloak.
 26054 | Spider:1 | 26054 ||| Stepping ~*~*~tactically~*~*~ (stealth).
 26056 | Spider:1 | 26056 ||| Stepping ~*~*~tactically~*~*~ (hiding).
 26064 | Spider:1 | 26064 ||| INVOKING Finesse.
 26066 | Spider:1 | 26066 ||| INVOKING Heroism.
 26298 | Spider:1 | 26298 ||| Stepping ~*~*~tactically~*~*~ (stealth).
 26308 | Spider:1 | Reached skill level 15 in Fighting
 26342 | Spider:1 | Reached XP level 17. HP: 113/113 MP: 8/24
 26602 | Spider:1 | 26602 ||| DROPPING ring of wizardry.
 26833 | Spider:2 | 26833 ||| Stepping ~*~*~tactically~*~*~ (stealth).
 26835 | Spider:2 | 26835 ||| Stepping ~*~*~tactically~*~*~ (hiding).
 26836 | Spider:2 | 26836 ||| FLEEEEING.
 26837 | Spider:2 | 26837 ||| INVOKING Finesse.
 26972 | Spider:2 | You are sucked into a shaft and drop 1 floor!
 26990 | Spider:3 | 26990 ||| INVOKING Heroism.
 26991 | Spider:3 | 26991 ||| INVOKING Finesse.
 27042 | Spider:3 | 27042 ||| Stepping ~*~*~tactically~*~*~ (stealth).
 27069 | Spider:3 | 27069 ||| Stepping ~*~*~tactically~*~*~ (hiding).
 27168 | Spider:3 | 27168 ||| Stepping ~*~*~tactically~*~*~ (stealth).
 27200 | Spider:3 | 27200 ||| Stepping ~*~*~tactically~*~*~ (stealth).
 27208 | Spider:3 | 27208 ||| INVOKING Finesse.
 27228 | Spider:3 | 27228 ||| Stepping ~*~*~tactically~*~*~ (stealth).
 27249 | Spider:3 | 27249 ||| Stepping ~*~*~tactically~*~*~ (stealth).
 27269 | Spider:3 | 27269 ||| INVOKING Finesse.
 27320 | Spider:3 | 27320 ||| READING scroll of enchant armour.
 27320 | Spider:3 | 27320 ||| ENCHANTING +1 cloak.
 27388 | Spider:2 | 27388 ||| INVOKING Heroism.
 27556 | Spider:2 | Received a gift from Okawaru
 27680 | Spider:2 | 27680 ||| Stepping ~*~*~tactically~*~*~ (stealth).
 27689 | Spider:2 | Reached skill level 16 in Fighting
 27709 | Spider:2 | 27709 ||| Stepping ~*~*~tactically~*~*~ (stealth).
 27814 | Spider:2 | 27814 ||| STAIRDANCE
 27919 | Spider:2 | 27919 ||| INVOKING Heroism.
 28009 | Spider:2 | 28009 ||| INVOKING Heroism.
 28235 | Spider:3 | 28235 ||| INVOKING Heroism.
 28260 | Spider:3 | 28260 ||| Stepping ~*~*~tactically~*~*~ (stealth).
 28297 | Spider:3 | 28297 ||| Stepping ~*~*~tactically~*~*~ (stealth).
 28299 | Spider:3 | 28299 ||| INVOKING Heroism.
 28361 | Spider:3 | 28361 ||| Stepping ~*~*~tactically~*~*~ (stealth).
 28362 | Spider:3 | 28362 ||| Stepping ~*~*~tactically~*~*~ (stealth).
 28364 | Spider:3 | 28364 ||| Stepping ~*~*~tactically~*~*~ (stealth).
 28479 | Spider:3 | 28479 ||| Stepping ~*~*~tactically~*~*~ (stealth).
 28480 | Spider:3 | 28480 ||| Stepping ~*~*~tactically~*~*~ (stealth).
 28498 | Spider:3 | 28498 ||| Stepping ~*~*~tactically~*~*~ (stealth).
 28503 | Spider:3 | 28503 ||| Stepping ~*~*~tactically~*~*~ (stealth).
 28545 | Spider:3 | Received a gift from Okawaru
 28548 | Spider:3 | 28548 ||| INVOKING Finesse.
 28558 | Spider:3 | Reached skill level 17 in Fighting
 28576 | Spider:3 | 28576 ||| Stepping ~*~*~tactically~*~*~ (stealth).
 28668 | Spider:3 | 28668 ||| Stepping ~*~*~tactically~*~*~ (stealth).
 28684 | Spider:3 | 28684 ||| INVOKING Heroism.
 28790 | Spider:3 | 28790 ||| Stepping ~*~*~tactically~*~*~ (stealth).
 28827 | Spider:3 | 28827 ||| Stepping ~*~*~tactically~*~*~ (stealth).
 28839 | Spider:3 | 28839 ||| Stepping ~*~*~tactically~*~*~ (stealth).
 28950 | Spider:3 | 28950 ||| Stepping ~*~*~tactically~*~*~ (stealth).
 28955 | Spider:3 | 28955 ||| Stepping ~*~*~tactically~*~*~ (stealth).
 28964 | Spider:3 | 28964 ||| Stepping ~*~*~tactically~*~*~ (stealth).
 28966 | Spider:3 | 28966 ||| Stepping ~*~*~tactically~*~*~ (hiding).
 29062 | Spider:3 | 29062 ||| Stepping ~*~*~tactically~*~*~ (hiding).
 29064 | Spider:3 | 29064 ||| INVOKING Finesse.
 29165 | Spider:3 | 29165 ||| Stepping ~*~*~tactically~*~*~ (stealth).
 29191 | Spider:3 | 29191 ||| INVOKING Heroism.
 29242 | Spider:3 | 29242 ||| INVOKING Heroism.
 29984 | Spider:3 | 29984 ||| PLANNING SWAMP:4
 30107 | Swamp:4  | Entered Level 4 of the Swamp
 30146 | Swamp:4  | 30146 ||| INVOKING Heroism.
 30147 | Swamp:4  | Noticed a tentacled monstrosity
 30148 | Swamp:4  | 30148 ||| INVOKING Finesse.
 30163 | Swamp:4  | Killed a tentacled monstrosity
 30163 | Swamp:4  | Received a gift from Okawaru
 30178 | Swamp:4  | Reached skill level 15 in Armour
 30288 | Swamp:4  | 30288 ||| Stepping ~*~*~tactically~*~*~ (cloud).
 30336 | Swamp:4  | 30336 ||| INVOKING Heroism.
 30382 | Swamp:4  | Identified the +1 pair of gloves "Boefimep" {+Inv Dex+5}
                  | (Okawaru gifted it to you on level 4 of the Swamp)
 30382 | Swamp:4  | Received a gift from Okawaru
 30383 | Swamp:4  | Reached XP level 18. HP: 73/124 MP: 8/25
 30392 | Swamp:4  | 30392 ||| INVOKING Heroism.
 30424 | Swamp:4  | 30424 ||| Stepping ~*~*~tactically~*~*~ (stealth).
 30428 | Swamp:4  | 30428 ||| Stepping ~*~*~tactically~*~*~ (hiding).
 30447 | Swamp:4  | 30447 ||| INVOKING Heroism.
 30516 | Swamp:4  | 30516 ||| DROPPING +1 war axe of flaming.
 30545 | Swamp:4  | 30545 ||| Stepping ~*~*~tactically~*~*~ (stealth).
 30556 | Swamp:4  | 30556 ||| Stepping ~*~*~tactically~*~*~ (hiding).
 30557 | Swamp:4  | 30557 ||| Stepping ~*~*~tactically~*~*~ (hiding).
 30658 | Swamp:4  | 30658 ||| Stepping ~*~*~tactically~*~*~ (hiding).
 30678 | Swamp:4  | 30678 ||| Stepping ~*~*~tactically~*~*~ (hiding).
 30680 | Swamp:4  | 30680 ||| INVOKING Heroism.
 30683 | Swamp:4  | Paralysed by a fenstrider witch for 4 turns
 30771 | Swamp:4  | 30771 ||| Stepping ~*~*~tactically~*~*~ (stealth).
 30792 | Swamp:4  | Reached skill level 18 in Fighting
 30807 | Swamp:4  | 30807 ||| Stepping ~*~*~tactically~*~*~ (hiding).
 30809 | Swamp:4  | 30809 ||| Stepping ~*~*~tactically~*~*~ (hiding).
 30814 | Swamp:4  | 30814 ||| INVOKING Heroism.
 30873 | Swamp:4  | Got a decaying rune of Zot
 30877 | Swamp:4  | Noticed a tentacled monstrosity
 30878 | Swamp:4  | 30878 ||| Stepping ~*~*~tactically~*~*~ (hiding).
 30879 | Swamp:4  | 30879 ||| INVOKING Heroism.
 30880 | Swamp:4  | 30880 ||| INVOKING Finesse.
 30889 | Swamp:4  | Killed a tentacled monstrosity
 31018 | Swamp:4  | Identified the amulet "Qioczoec" {Faith rCorr Int+2 Dex+4
                  | Slay+2}
 31019 | Swamp:4  | 31019 ||| INVOKING Heroism.
 31052 | Swamp:4  | 31052 ||| Stepping ~*~*~tactically~*~*~ (hiding).
 31053 | Swamp:4  | 31053 ||| Stepping ~*~*~tactically~*~*~ (hiding).
 31082 | Swamp:4  | 31082 ||| INVOKING Heroism.
 31211 | Swamp:4  | 31211 ||| Stepping ~*~*~tactically~*~*~ (stealth).
 31217 | Swamp:4  | 31217 ||| INVOKING Heroism.
 31495 | Swamp:4  | 31495 ||| PLANNING VAULTS:1-4
 31495 | Swamp:4  | 31495 ||| UPGRADING to +1 pair of gloves "Boefimep" {+Inv
                  | Dex+5}.
 31505 | Swamp:4  | 31505 ||| UPGRADING to +2 hat of Happiness {Str+8 Int+4
                  | Dex-5}.
 31515 | Swamp:4  | 31515 ||| DROPPING +2 helmet.
 31516 | Swamp:4  | 31516 ||| DROPPING +1 pair of gloves.
 31517 | Swamp:4  | 31517 ||| UPGRADING to amulet "Qioczoec" {Faith rCorr Int+2
                  | Dex+4 Slay+2}.
 31810 | Vaults:1 | Entered Level 1 of the Vaults
 31811 | Vaults:1 | 31811 ||| PLANNING BAZAAR
 31898 | Vaults:1 | 31898 ||| INVOKING Heroism.
 31966 | Vaults:1 | Reached skill level 6 in Dodging
 31967 | Vaults:1 | 31967 ||| INVOKING Heroism.
 32177 | Vaults:1 | 32177 ||| INVOKING Heroism.
 32181 | Vaults:1 | Received a gift from Okawaru
 32286 | Vaults:1 | 32286 ||| Stepping ~*~*~tactically~*~*~ (hiding).
 32289 | Vaults:1 | 32289 ||| INVOKING Heroism.
 32290 | Vaults:1 | 32290 ||| INVOKING Finesse.
 32303 | Vaults:1 | Received a gift from Okawaru
 32574 | Vaults:1 | Received a gift from Okawaru
 32630 | Vaults:1 | 32630 ||| Stepping ~*~*~tactically~*~*~ (hiding).
 32880 | Vaults:1 | Found a flickering gateway to a bazaar.
 32881 | Vaults:1 | 32881 ||| READING 18 scrolls of identify.
 32881 | Vaults:1 | 32881 ||| IDENTIFYING cyan potion
 32882 | Vaults:1 | 32882 ||| DROPPING potion of ambrosia.
 32888 | Bazaar   | Entered a bazaar
 32912 | Bazaar   | Found Eluq Aps's Jewellery Emporium.
 32917 | Bazaar   | 32917 ||| BUYING ring "Giohiun" {Fire Str+5} (382 gold).
 32917 | Bazaar   | Bought the ring "Giohiun" {Fire Str+5} for 382 gold pieces
 32917 | Bazaar   | 32917 ||| BUYING ring of protection from fire (225 gold).
 32917 | Bazaar   | Bought a ring of protection from fire for 225 gold pieces
 32923 | Bazaar   | Found Nid Ywea's Weapon Emporium.
 32975 | Bazaar   | Found Punovvawi's Magic Scroll Shoppe.
 32981 | Bazaar   | 32981 ||| BUYING scroll of teleportation (42 gold).
 32981 | Bazaar   | Bought a scroll of teleportation for 42 gold pieces
 33004 | Bazaar   | Found Lyrch's Book Emporium.
 33024 | Bazaar   | Found Atal's Jewellery Shoppe.
 33069 | Bazaar   | 33069 ||| DROPPING ring of fire.
 33073 | Vaults:1 | 33073 ||| PLANNING VAULTS:1-4
 33089 | Vaults:1 | 33089 ||| INVOKING Heroism.
 33333 | Vaults:1 | 33333 ||| INVOKING Heroism.
 33340 | Vaults:1 | Received a gift from Okawaru
 33446 | Vaults:1 | 33446 ||| INVOKING Heroism.
 33653 | Vaults:1 | 33653 ||| Stepping ~*~*~tactically~*~*~ (hiding).
 33774 | Vaults:1 | 33774 ||| INVOKING Heroism.
 33775 | Vaults:1 | 33775 ||| INVOKING Finesse.
 34075 | Vaults:1 | 34075 ||| Stepping ~*~*~tactically~*~*~ (hiding).
 34076 | Vaults:1 | 34076 ||| INVOKING Heroism.
 34089 | Vaults:1 | Received a gift from Okawaru
 34094 | Vaults:1 | HP: 27/125 [vault warden/+2 dire flail of holy wrath (5)]
 34095 | Vaults:1 | 34095 ||| READING 12 scrolls of teleportation.
 34096 | Vaults:1 | 34096 ||| DRINKING 4 potions of heal wounds.
 34157 | Vaults:1 | 34157 ||| INVOKING Heroism.
 34462 | Vaults:1 | 34462 ||| INVOKING Heroism.
 34476 | Vaults:1 | 34476 ||| Stepping ~*~*~tactically~*~*~ (hiding).
 34491 | Vaults:1 | 34491 ||| Stepping ~*~*~tactically~*~*~ (hiding).
 34498 | Vaults:1 | Reached ****** piety under Okawaru
 34506 | Vaults:1 | Reached XP level 19. HP: 130/130 MP: 8/26
 34673 | Vaults:2 | 34673 ||| STAIRDANCE
 34680 | Vaults:1 | Received a gift from Okawaru
 34743 | Vaults:2 | 34743 ||| INVOKING Heroism.
 34744 | Vaults:2 | 34744 ||| INVOKING Finesse.
 34745 | Vaults:2 | 34745 ||| INVOKING Finesse.
 34886 | Vaults:2 | 34886 ||| FLEEEEING.
 34887 | Vaults:2 | 34887 ||| FLEEEEING.
 34888 | Vaults:2 | 34888 ||| FLEEEEING.
 34889 | Vaults:2 | 34889 ||| FLEEEEING.
 34890 | Vaults:2 | 34890 ||| FLEEEEING.
 34891 | Vaults:2 | 34891 ||| FLEEEEING.
 34892 | Vaults:2 | 34892 ||| FLEEEEING.
 34893 | Vaults:2 | 34893 ||| FLEEEEING.
 34897 | Vaults:2 | 34897 ||| INVOKING Heroism.
 34903 | Vaults:2 | Reached skill level 9 in Throwing
 34922 | Vaults:2 | Received a gift from Okawaru
 35047 | Vaults:2 | 35047 ||| Stepping ~*~*~tactically~*~*~ (stealth).
 35113 | Vaults:2 | 35113 ||| Stepping ~*~*~tactically~*~*~ (stealth).
 35114 | Vaults:2 | 35114 ||| Stepping ~*~*~tactically~*~*~ (stealth).
 35115 | Vaults:2 | 35115 ||| Stepping ~*~*~tactically~*~*~ (stealth).
 35200 | Vaults:2 | 35200 ||| INVOKING Heroism.
 35276 | Vaults:2 | 35276 ||| Stepping ~*~*~tactically~*~*~ (hiding).
 35282 | Vaults:2 | 35282 ||| Stepping ~*~*~tactically~*~*~ (hiding).
 35288 | Vaults:2 | 35288 ||| INVOKING Heroism.
 35292 | Vaults:2 | Reached skill level 19 in Fighting
 35292 | Vaults:2 | 35292 ||| Stepping ~*~*~tactically~*~*~ (hiding).
 35306 | Vaults:2 | 35306 ||| Stepping ~*~*~tactically~*~*~ (hiding).
 35308 | Vaults:2 | 35308 ||| Stepping ~*~*~tactically~*~*~ (hiding).
 35311 | Vaults:2 | 35311 ||| INVOKING Heroism.
 35585 | Vaults:2 | 35585 ||| Stepping ~*~*~tactically~*~*~ (stealth).
 35586 | Vaults:2 | 35586 ||| Stepping ~*~*~tactically~*~*~ (stealth).
 35595 | Vaults:2 | 35595 ||| INVOKING Heroism.
 35596 | Vaults:2 | 35596 ||| INVOKING Finesse.
 35713 | Vaults:2 | 35713 ||| INVOKING Heroism.
 35937 | Vaults:2 | Identified the +1 pair of gloves "Suisuhuj" {rPois Int+3}
 35975 | Vaults:2 | 35975 ||| INVOKING Heroism.
 35985 | Vaults:2 | Reached skill level 12 in Shields
 36044 | Vaults:2 | 36044 ||| INVOKING Heroism.
 36054 | Vaults:2 | Noticed a tentacled monstrosity
 36054 | Vaults:2 | 36054 ||| INVOKING Finesse.
 36055 | Vaults:2 | 36055 ||| INVOKING Finesse.
 36080 | Vaults:2 | Killed a tentacled monstrosity
 36092 | Vaults:2 | Identified the +1 pair of gloves "Asulovvee" {Will+}
                  | (Okawaru gifted it to you on level 2 of the Vaults)
 36092 | Vaults:2 | Received a gift from Okawaru
 36120 | Vaults:2 | 36120 ||| INVOKING Heroism.
 36462 | Vaults:2 | 36462 ||| INVOKING Heroism.
 36501 | Vaults:2 | 36501 ||| DRINKING 13 potions of curing.
 36501 | Vaults:2 | 36501 ||| (to cure confusion)
 36502 | Vaults:2 | Paralysed by a great orb of eyes for 4 turns
 36517 | Vaults:2 | 36517 ||| INVOKING Heroism.
 36550 | Vaults:2 | Reached skill level 20 in Fighting
 36600 | Vaults:2 | 36600 ||| INVOKING Heroism.
 36945 | Vaults:2 | 36945 ||| DROPPING scarf of harm.
 36946 | Vaults:2 | 36946 ||| DROPPING +1 hat.
 36947 | Vaults:2 | 36947 ||| DROPPING +1 pair of gloves "Suisuhuj" {rPois
                  | Int+3}.
 36948 | Vaults:2 | 36948 ||| UPGRADING to +1 pair of gloves "Asulovvee"
                  | {Will+}.
 36970 | Vaults:3 | 36970 ||| Stepping ~*~*~tactically~*~*~ (hiding).
 37019 | Vaults:3 | 37019 ||| Stepping ~*~*~tactically~*~*~ (hiding).
 37022 | Vaults:3 | 37022 ||| INVOKING Heroism.
 37105 | Vaults:3 | 37105 ||| INVOKING Heroism.
 37106 | Vaults:3 | 37106 ||| INVOKING Finesse.
 37137 | Vaults:3 | 37137 ||| Stepping ~*~*~tactically~*~*~ (stealth).
 37147 | Vaults:3 | 37147 ||| Stepping ~*~*~tactically~*~*~ (stealth).
 37165 | Vaults:3 | Reached XP level 20. HP: 140/140 MP: 6/27
 37361 | Vaults:3 | 37361 ||| INVOKING Heroism.
 37453 | Vaults:3 | Found a staircase to the Crypt.
 37592 | Vaults:3 | Noticed Donald
 37605 | Vaults:3 | Killed Donald
 37622 | Vaults:3 | 37622 ||| Stepping ~*~*~tactically~*~*~ (stealth).
 37646 | Vaults:3 | 37646 ||| Stepping ~*~*~tactically~*~*~ (stealth).
 37651 | Vaults:3 | 37651 ||| INVOKING Heroism.
 37652 | Vaults:3 | 37652 ||| Stepping ~*~*~tactically~*~*~ (hiding).
 37670 | Vaults:3 | 37670 ||| Stepping ~*~*~tactically~*~*~ (hiding).
 37685 | Vaults:3 | 37685 ||| Stepping ~*~*~tactically~*~*~ (hiding).
 37687 | Vaults:3 | 37687 ||| INVOKING Heroism.
 37697 | Vaults:3 | 37697 ||| Stepping ~*~*~tactically~*~*~ (hiding).
 37701 | Vaults:3 | Received a gift from Okawaru
 37833 | Vaults:3 | 37833 ||| Stepping ~*~*~tactically~*~*~ (hiding).
 37835 | Vaults:3 | 37835 ||| Stepping ~*~*~tactically~*~*~ (hiding).
 37985 | Vaults:3 | 37985 ||| Stepping ~*~*~tactically~*~*~ (stealth).
 37988 | Vaults:3 | 37988 ||| Stepping ~*~*~tactically~*~*~ (stealth).
 37989 | Vaults:3 | 37989 ||| Stepping ~*~*~tactically~*~*~ (stealth).
 38016 | Vaults:3 | Identified the +0 kite shield of Qoac {rC- Str+4} (Okawaru
                  | gifted it to you on level 3 of the Vaults)
 38016 | Vaults:3 | Received a gift from Okawaru
 38108 | Vaults:3 | 38108 ||| Stepping ~*~*~tactically~*~*~ (stealth).
 38109 | Vaults:3 | 38109 ||| Stepping ~*~*~tactically~*~*~ (stealth).
 38110 | Vaults:3 | 38110 ||| INVOKING Heroism.
 38333 | Vaults:3 | 38333 ||| INVOKING Heroism.
 38334 | Vaults:3 | 38334 ||| INVOKING Finesse.
 38351 | Vaults:3 | Reached skill level 21 in Fighting
 38374 | Vaults:3 | Identified the +5 great sword of Qazlal's Esteem {venom,
                  | rElec Will+}
 38375 | Vaults:3 | 38375 ||| Stepping ~*~*~tactically~*~*~ (stealth).
 38409 | Vaults:3 | 38409 ||| FLEEEEING.
 38410 | Vaults:3 | 38410 ||| FLEEEEING.
 38414 | Vaults:3 | 38414 ||| FLEEEEING.
 38415 | Vaults:3 | 38415 ||| FLEEEEING.
 38416 | Vaults:3 | 38416 ||| FLEEEEING.
 38658 | Vaults:3 | 38658 ||| UPGRADING to +0 kite shield.
 38668 | Vaults:3 | 38668 ||| DROPPING +2 buckler.
 38685 | Vaults:4 | 38685 ||| PLANNING WIZLAB
 38780 | Vaults:4 | 38780 ||| Stepping ~*~*~tactically~*~*~ (hiding).
 38782 | Vaults:4 | 38782 ||| Stepping ~*~*~tactically~*~*~ (hiding).
 38786 | Vaults:4 | 38786 ||| INVOKING Heroism.
 38914 | Vaults:4 | Found a magical portal.
 38923 | WizLab   | Entered Zonguldrok's Shrine
 38963 | WizLab   | 38963 ||| INVOKING Heroism.
 38989 | WizLab   | 38989 ||| Stepping ~*~*~tactically~*~*~ (stealth).
 39139 | WizLab   | 39139 ||| Stepping ~*~*~tactically~*~*~ (hiding).
 39143 | WizLab   | 39143 ||| INVOKING Heroism.
 39281 | WizLab   | Noticed an antique lich
 39298 | WizLab   | Killed an antique lich
 39410 | WizLab   | Found the +9 sword of Zonguldrok {reap}
 39456 | Vaults:4 | 39456 ||| PLANNING VAULTS:1-4
 39547 | Vaults:4 | 39547 ||| INVOKING Heroism.
 39702 | Vaults:4 | 39702 ||| Stepping randomly (stuck).
 39730 | Vaults:4 | 39730 ||| INVOKING Heroism.
 39862 | Vaults:4 | Identified the +6 plate armour of Liseibio {rC+ Regen+
                  | Str+2 Dex+2} (Okawaru gifted it to you on level 4 of the
                  | Vaults)
 39862 | Vaults:4 | Received a gift from Okawaru
 39879 | Vaults:4 | 39879 ||| FLEEEEING.
 39880 | Vaults:4 | 39880 ||| Stepping ~*~*~tactically~*~*~ (hiding).
 39882 | Vaults:4 | 39882 ||| Stepping ~*~*~tactically~*~*~ (hiding).
 39887 | Vaults:4 | 39887 ||| INVOKING Heroism.
 40139 | Vaults:4 | 40139 ||| Stepping ~*~*~tactically~*~*~ (stealth).
 40140 | Vaults:4 | 40140 ||| Stepping ~*~*~tactically~*~*~ (stealth).
 40362 | Vaults:4 | 40362 ||| INVOKING Heroism.
 40551 | Vaults:4 | 40551 ||| INVOKING Heroism.
 40552 | Vaults:4 | 40552 ||| INVOKING Finesse.
 40656 | Vaults:4 | 40656 ||| Stepping ~*~*~tactically~*~*~ (hiding).
 40657 | Vaults:4 | 40657 ||| Stepping ~*~*~tactically~*~*~ (hiding).
 40793 | Vaults:4 | 40793 ||| PLANNING SPIDER:4
 40793 | Vaults:4 | 40793 ||| UPGRADING to +6 plate armour of Liseibio {rC+
                  | Regen+ Str+2 Dex+2}.
 40803 | Vaults:4 | 40803 ||| DROPPING +8 chain mail of Gehenna {*Slow +Inv
                  | rF+}.
 41237 | Spider:4 | Entered Level 4 of the Spider Nest
 41238 | Spider:4 | 41238 ||| STAIRDANCE
 41242 | Spider:4 | 41242 ||| STAIRDANCE
 41246 | Spider:3 | Reached skill level 15 in Shields
 41249 | Spider:4 | 41249 ||| INVOKING Heroism.
 41251 | Spider:4 | 41251 ||| STAIRDANCE
 41282 | Spider:4 | 41282 ||| STAIRDANCE
 41298 | Spider:4 | 41298 ||| INVOKING Heroism.
 41468 | Spider:4 | 41468 ||| INVOKING Heroism.
 41474 | Spider:4 | Identified the +3 trident of Usaikhopp {protect, Int+2}
 41481 | Spider:4 | Reached XP level 21. HP: 139/148 MP: 8/28
 41513 | Spider:4 | 41513 ||| INVOKING Heroism.
 41566 | Spider:4 | 41566 ||| INVOKING Heroism.
 41578 | Spider:4 | HP: 31/148 [disintegration (40)]
 41579 | Spider:4 | 41579 ||| READING 14 scrolls of teleportation.
 41580 | Spider:4 | 41580 ||| DRINKING 7 potions of heal wounds.
 41591 | Spider:4 | HP: 19/148 [disintegration (41)]
 41592 | Spider:4 | 41592 ||| READING 13 scrolls of teleportation.
 41593 | Spider:4 | 41593 ||| DRINKING 6 potions of heal wounds.
 41684 | Spider:4 | 41684 ||| Stepping ~*~*~tactically~*~*~ (stealth).
 41685 | Spider:4 | 41685 ||| Stepping ~*~*~tactically~*~*~ (stealth).
 41688 | Spider:4 | 41688 ||| Stepping ~*~*~tactically~*~*~ (hiding).
 41744 | Spider:4 | 41744 ||| Stepping ~*~*~tactically~*~*~ (stealth).
 41787 | Spider:4 | 41787 ||| INVOKING Heroism.
 41884 | Spider:4 | 41884 ||| Stepping ~*~*~tactically~*~*~ (stealth).
 41958 | Spider:4 | 41958 ||| INVOKING Heroism.
 41959 | Spider:4 | Received a gift from Okawaru
 42010 | Spider:4 | 42010 ||| Stepping ~*~*~tactically~*~*~ (hiding).
 42194 | Spider:4 | 42194 ||| INVOKING Heroism.
 42224 | Spider:4 | 42224 ||| FLEEEEING.
 42225 | Spider:4 | 42225 ||| FLEEEEING.
 42226 | Spider:4 | 42226 ||| FLEEEEING.
 42231 | Spider:4 | 42231 ||| Stepping ~*~*~tactically~*~*~ (stealth).
 42504 | Spider:4 | 42504 ||| INVOKING Heroism.
 42515 | Spider:4 | Identified the +11 broad axe of Hell's Wrath {vorpal, rC+}
                  | (Okawaru gifted it to you on level 4 of the Spider Nest)
 42515 | Spider:4 | Received a gift from Okawaru
 42567 | Spider:4 | Got a gossamer rune of Zot
 42583 | Spider:4 | 42583 ||| PLANNING DEPTHS
 43047 | Depths:1 | Entered Level 1 of the Depths
 43047 | Depths:1 | Found Citaib's Antique Weapon Boutique.
 43056 | Depths:1 | 43056 ||| INVOKING Heroism.
 43057 | Depths:1 | 43057 ||| INVOKING Finesse.
 43104 | Depths:1 | 43104 ||| INVOKING Heroism.
 43109 | Depths:1 | Reached skill level 18 in Armour
 43134 | Depths:1 | 43134 ||| INVOKING Finesse.
 43225 | Depths:1 | 43225 ||| INVOKING Heroism.
 43269 | Depths:1 | You are sucked into a shaft and drop 1 floor!
 43288 | Depths:2 | Found a sacrificial altar of Ru.
 43291 | Depths:2 | 43291 ||| Stepping ~*~*~tactically~*~*~ (hiding).
 43318 | Depths:2 | 43318 ||| Stepping ~*~*~tactically~*~*~ (stealth).
 43332 | Depths:1 | Identified the +4 scale mail "Kecsean" {rPois rN+} (Okawaru
                  | gifted it to you on level 1 of the Depths)
 43332 | Depths:1 | Received a gift from Okawaru
 43413 | Depths:1 | Found a gateway to Hell.
 43515 | Depths:1 | 43515 ||| INVOKING Finesse.
 43623 | Depths:1 | 43623 ||| Stepping ~*~*~tactically~*~*~ (stealth).
 43628 | Depths:1 | 43628 ||| INVOKING Heroism.
 43685 | Depths:1 | 43685 ||| INVOKING Finesse.
 43687 | Depths:1 | 43687 ||| INVOKING Heroism.
 43808 | Depths:1 | Paralysed by a vampire knight for 4 turns
 43843 | Depths:1 | 43843 ||| Stepping ~*~*~tactically~*~*~ (stealth).
 43846 | Depths:1 | 43846 ||| INVOKING Heroism.
 43858 | Depths:1 | 43858 ||| INVOKING Finesse.
 43985 | Depths:1 | 43985 ||| Stepping ~*~*~tactically~*~*~ (hiding).
 43989 | Depths:1 | 43989 ||| Stepping ~*~*~tactically~*~*~ (stealth).
 43996 | Depths:1 | 43996 ||| INVOKING Heroism.
 44135 | Depths:2 | 44135 ||| Stepping ~*~*~tactically~*~*~ (stealth).
 44136 | Depths:2 | 44136 ||| Stepping ~*~*~tactically~*~*~ (hiding).
 44137 | Depths:2 | 44137 ||| INVOKING Heroism.
 44159 | Depths:2 | 44159 ||| Stepping ~*~*~tactically~*~*~ (hiding).
 44275 | Depths:2 | Reached XP level 22. HP: 155/155 MP: 9/29
 44365 | Depths:2 | 44365 ||| Stepping ~*~*~tactically~*~*~ (stealth).
 44366 | Depths:2 | 44366 ||| Stepping ~*~*~tactically~*~*~ (stealth).
 44367 | Depths:2 | 44367 ||| Stepping ~*~*~tactically~*~*~ (hiding).
 44368 | Depths:2 | 44368 ||| INVOKING Heroism.
 44443 | Depths:2 | 44443 ||| Stepping ~*~*~tactically~*~*~ (hiding).
 44455 | Depths:2 | 44455 ||| Stepping ~*~*~tactically~*~*~ (hiding).
 44461 | Depths:2 | 44461 ||| INVOKING Heroism.
 44462 | Depths:2 | 44462 ||| INVOKING Finesse.
 44476 | Depths:2 | Reached skill level 18 in Shields
 44584 | Depths:2 | Found the +6 Majin-Bo {vamp, MP+6 Int+6}
 44617 | Depths:2 | 44617 ||| Stepping ~*~*~tactically~*~*~ (stealth).
 44622 | Depths:2 | 44622 ||| Stepping ~*~*~tactically~*~*~ (hiding).
 44626 | Depths:2 | 44626 ||| INVOKING Heroism.
 44636 | Depths:2 | Received a gift from Okawaru
 44708 | Depths:2 | 44708 ||| Stepping ~*~*~tactically~*~*~ (hiding).
 44711 | Depths:2 | 44711 ||| INVOKING Heroism.
 44953 | Depths:2 | 44953 ||| INVOKING Heroism.
 44956 | Depths:2 | Received a gift from Okawaru
 45027 | Depths:2 | 45027 ||| INVOKING Heroism.
 45217 | Depths:3 | 45217 ||| PLANNING BAZAAR
 45420 | Depths:3 | 45420 ||| Stepping ~*~*~tactically~*~*~ (hiding).
 45472 | Depths:3 | Found a one-way gate to the infinite horrors of the Abyss.
 45513 | Depths:3 | 45513 ||| INVOKING Heroism.
 45595 | Depths:3 | Found a one-way gateway to a ziggurat.
 45667 | Depths:3 | 45667 ||| INVOKING Heroism.
 45668 | Depths:3 | 45668 ||| INVOKING Finesse.
 45794 | Depths:3 | Found a flickering gateway to a bazaar.
 45804 | Bazaar   | Entered a bazaar
 45807 | Bazaar   | Found Wenar's Assorted Antiques.
 45815 | Bazaar   | 45815 ||| BUYING potion of curing (69 gold).
 45815 | Bazaar   | Bought a potion of curing for 69 gold pieces
 45815 | Bazaar   | 45815 ||| BUYING scroll of teleportation (69 gold).
 45815 | Bazaar   | Bought a scroll of teleportation for 69 gold pieces
 45820 | Bazaar   | Found Bufeo's Armour Shop.
 45828 | Bazaar   | 45828 ||| BUYING +7 plate armour "Rocutsil" {Rampage rF+}
                  | (720 gold).
 45828 | Bazaar   | Bought the +7 plate armour "Rocutsil" {Rampage rF+} for 720
                  | gold pieces
 45828 | Bazaar   | Found Meemm's Magic Scroll Shoppe.
 45838 | Bazaar   | 45838 ||| BUYING scroll of brand weapon (85 gold).
 45838 | Bazaar   | Bought a scroll of brand weapon for 85 gold pieces
 45843 | Bazaar   | Found Zeisat's General Store.
 45849 | Bazaar   | 45849 ||| BUYING wand of digging (3) (151 gold).
 45849 | Bazaar   | Bought a wand of digging (3) for 151 gold pieces
 45871 | Depths:3 | 45871 ||| PLANNING DEPTHS
 46026 | Depths:3 | 46026 ||| INVOKING Heroism.
 46049 | Depths:3 | 46049 ||| INVOKING Finesse.
 46118 | Depths:3 | 46118 ||| Stepping ~*~*~tactically~*~*~ (hiding).
 46120 | Depths:3 | 46120 ||| INVOKING Heroism.
 46330 | Depths:3 | 46330 ||| Stepping ~*~*~tactically~*~*~ (stealth).
 46331 | Depths:3 | 46331 ||| Stepping ~*~*~tactically~*~*~ (stealth).
 46333 | Depths:3 | 46333 ||| INVOKING Heroism.
 46350 | Depths:3 | Reached skill level 12 in Throwing
 46465 | Depths:4 | Entered Level 4 of the Depths
 46503 | Depths:4 | Found a runed translucent gate.
 46503 | Depths:4 | Found a runed translucent gate.
 46503 | Depths:4 | Found a runed translucent gate.
 46509 | Depths:4 | 46509 ||| INVOKING Heroism.
 46510 | Depths:4 | 46510 ||| INVOKING Finesse.
 46511 | Depths:4 | Noticed a golden dragon
 46520 | Depths:4 | Received a gift from Okawaru
 46526 | Depths:4 | Killed a golden dragon
 46595 | Depths:4 | 46595 ||| INVOKING Finesse.
 46632 | Depths:4 | Received a gift from Okawaru
 46681 | Depths:4 | 46681 ||| Stepping ~*~*~tactically~*~*~ (hiding).
 46682 | Depths:4 | 46682 ||| Stepping ~*~*~tactically~*~*~ (hiding).
 46736 | Depths:4 | 46736 ||| Stepping ~*~*~tactically~*~*~ (stealth).
 46737 | Depths:4 | 46737 ||| Stepping ~*~*~tactically~*~*~ (stealth).
 46744 | Depths:4 | 46744 ||| Stepping ~*~*~tactically~*~*~ (hiding).
 46746 | Depths:4 | 46746 ||| Stepping ~*~*~tactically~*~*~ (hiding).
 46749 | Depths:4 | 46749 ||| INVOKING Heroism.
 46786 | Depths:4 | 46786 ||| INVOKING Heroism.
 46877 | Depths:4 | Received a gift from Okawaru
 46924 | Depths:4 | Noticed a golden dragon
 46925 | Depths:4 | 46925 ||| INVOKING Heroism.
 46926 | Depths:4 | 46926 ||| INVOKING Finesse.
 46934 | Depths:4 | Killed a golden dragon
 47011 | Depths:4 | 47011 ||| Stepping ~*~*~tactically~*~*~ (hiding).
 47012 | Depths:4 | 47012 ||| Stepping ~*~*~tactically~*~*~ (hiding).
 47014 | Depths:4 | 47014 ||| Stepping ~*~*~tactically~*~*~ (hiding).
 47014 | Depths:4 | Found a gate to the Realm of Zot.
 47017 | Depths:4 | 47017 ||| Stepping ~*~*~tactically~*~*~ (hiding).
 47019 | Depths:4 | 47019 ||| Stepping ~*~*~tactically~*~*~ (hiding).
 47029 | Depths:4 | Identified the +3 cloak of the Maze {rN+ Str+3 Dex-3}
                  | (Okawaru gifted it to you on level 4 of the Depths)
 47029 | Depths:4 | Received a gift from Okawaru
 47288 | Depths:4 | 47288 ||| PLANNING VAULTS:5
 47288 | Depths:4 | 47288 ||| UPGRADING to +3 cloak of the Maze {rN+ Str+3
                  | Dex-3}.
 47298 | Depths:4 | 47298 ||| DROPPING +2 cloak.
 47561 | Vaults:5 | Entered Level 5 of the Vaults
 47561 | Vaults:5 | Noticed a dread lich
 47562 | Vaults:5 | 47562 ||| STAIRDANCE
 47573 | Vaults:5 | 47573 ||| STAIRDANCE
 47575 | Vaults:4 | 47575 ||| INVOKING Heroism.
 47623 | Vaults:5 | 47623 ||| STAIRDANCE
 47625 | Vaults:4 | 47625 ||| INVOKING Heroism.
 47626 | Vaults:4 | 47626 ||| INVOKING Finesse.
 47635 | Vaults:4 | Reached skill level 22 in Fighting
 47637 | Vaults:4 | Killed a dread lich
 47638 | Vaults:4 | Reached XP level 23. HP: 126/162 MP: 2/30
 47707 | Vaults:5 | 47707 ||| STAIRDANCE
 47709 | Vaults:4 | 47709 ||| INVOKING Heroism.
 47754 | Vaults:4 | 47754 ||| UPGRADING to +2 kite shield.
 47764 | Vaults:4 | 47764 ||| DROPPING +0 kite shield.
 47765 | Vaults:4 | 47765 ||| DROPPING +0 kite shield of Qoac {rC- Str+4}.
 47766 | Vaults:4 | 47766 ||| UPGRADING to +0 tower shield.
 47776 | Vaults:4 | 47776 ||| DROPPING +2 kite shield.
 47780 | Vaults:5 | 47780 ||| STAIRDANCE
 47782 | Vaults:4 | 47782 ||| INVOKING Heroism.
 47827 | Vaults:5 | 47827 ||| STAIRDANCE
 47859 | Vaults:5 | 47859 ||| INVOKING Heroism.
 47969 | Vaults:5 | 47969 ||| Stepping ~*~*~tactically~*~*~ (hiding).
 47970 | Vaults:5 | 47970 ||| Stepping ~*~*~tactically~*~*~ (hiding).
 47972 | Vaults:5 | 47972 ||| Stepping ~*~*~tactically~*~*~ (hiding).
 47973 | Vaults:5 | 47973 ||| Stepping ~*~*~tactically~*~*~ (hiding).
 47974 | Vaults:5 | 47974 ||| Stepping ~*~*~tactically~*~*~ (hiding).
 47978 | Vaults:5 | 47978 ||| INVOKING Heroism.
 47998 | Vaults:5 | Received a gift from Okawaru
 48006 | Vaults:5 | 48006 ||| INVOKING Finesse.
 48012 | Vaults:5 | 48012 ||| INVOKING Heroism.
 48095 | Vaults:5 | Got a silver rune of Zot
 48122 | Vaults:5 | 48122 ||| INVOKING Heroism.
 48123 | Vaults:5 | 48123 ||| INVOKING Finesse.
 48180 | Vaults:5 | 48180 ||| Stepping ~*~*~tactically~*~*~ (stealth).
 48181 | Vaults:5 | 48181 ||| Stepping ~*~*~tactically~*~*~ (stealth).
 48227 | Vaults:5 | 48227 ||| Stepping ~*~*~tactically~*~*~ (hiding).
 48249 | Vaults:5 | 48249 ||| INVOKING Heroism.
 48358 | Vaults:5 | 48358 ||| INVOKING Heroism.
 48398 | Vaults:5 | Identified the +3 trident "Kazxeshri" {vorpal, Will++ Int-3
                  | Dex+2}
 48445 | Vaults:5 | 48445 ||| Stepping ~*~*~tactically~*~*~ (hiding).
 48469 | Vaults:5 | 48469 ||| INVOKING Heroism.
 48534 | Vaults:5 | 48534 ||| INVOKING Heroism.
 48725 | Vaults:5 | Identified the +3 ring mail of Claustrophobia {Int+7
                  | Stlth-}
 48762 | Vaults:5 | Identified the +7 whip "Conservator" {protect, Str+4 Int+5}
 48844 | Vaults:5 | 48844 ||| INVOKING Heroism.
 48847 | Vaults:5 | 48847 ||| Stepping ~*~*~tactically~*~*~ (stealth).
 48848 | Vaults:5 | 48848 ||| Stepping ~*~*~tactically~*~*~ (hiding).
 48923 | Vaults:5 | 48923 ||| INVOKING Heroism.
 48924 | Vaults:5 | 48924 ||| INVOKING Finesse.
 48926 | Vaults:5 | 48926 ||| Stepping ~*~*~tactically~*~*~ (stealth).
 48950 | Vaults:5 | 48950 ||| Stepping ~*~*~tactically~*~*~ (hiding).
 48958 | Vaults:5 | Received a gift from Okawaru
 48966 | Vaults:5 | Reached skill level 21 in Shields
 48970 | Vaults:5 | Noticed a golden dragon
 48976 | Vaults:5 | Noticed an ancient lich
 48987 | Vaults:5 | 48987 ||| INVOKING Heroism.
 48989 | Vaults:5 | Received a gift from Okawaru
 48998 | Vaults:5 | Killed a golden dragon
 49001 | Vaults:5 | Killed an ancient lich
 49005 | Vaults:5 | 49005 ||| FLEEEEING.
 49010 | Vaults:5 | 49010 ||| FLEEEEING.
 49011 | Vaults:5 | 49011 ||| FLEEEEING.
 49012 | Vaults:5 | 49012 ||| FLEEEEING.
 49020 | Vaults:5 | 49020 ||| STAIRDANCE
 49088 | Vaults:4 | 49088 ||| DROPPING +0 helmet of intelligence.
 49089 | Vaults:4 | 49089 ||| DROPPING amulet of faith.
 49193 | Vaults:5 | Identified the amulet "Rirut" {Reflect Harm Rampage rPois
                  | SH+5}
 49195 | Vaults:5 | Identified the ring of Casor {rElec Str+6}
 49499 | Vaults:5 | 49499 ||| PLANNING SHOPPING SPREE
 49499 | Vaults:5 | 49499 ||| DROPPING amulet "Rirut" {Reflect Harm Rampage
                  | rPois SH+5}.
 49500 | Vaults:5 | 49500 ||| DROPPING ring of Casor {rElec Str+6}.
 49800 | Orc:2    | 49800 ||| BUYING glowing cloak (165 gold).
 49800 | Orc:2    | Bought a glowing cloak for 165 gold pieces
 49800 | Orc:2    | 49800 ||| BUYING runed tower shield (165 gold).
 49800 | Orc:2    | Bought a runed tower shield for 165 gold pieces
 49809 | Orc:2    | 49809 ||| UPGRADING to +2 tower shield of positive energy.
 49819 | Orc:2    | 49819 ||| DROPPING +0 tower shield.
 49820 | Orc:2    | 49820 ||| PLANNING ZOT:1-4
 50136 | Zot:1    | Entered Level 1 of the Realm of Zot
 50136 | Zot:1    | Noticed a golden dragon
 50137 | Zot:1    | 50137 ||| INVOKING Heroism.
 50138 | Zot:1    | 50138 ||| INVOKING Finesse.
 50154 | Zot:1    | Killed a golden dragon
 50202 | Zot:1    | Received a gift from Okawaru
 50222 | Zot:1    | Reached XP level 24. HP: 155/168 MP: 7/30
 50228 | Zot:1    | 50228 ||| INVOKING Heroism.
 50229 | Zot:1    | 50229 ||| Stepping ~*~*~tactically~*~*~ (hiding).
 50230 | Zot:1    | 50230 ||| Stepping ~*~*~tactically~*~*~ (hiding).
 50231 | Zot:1    | 50231 ||| Stepping ~*~*~tactically~*~*~ (hiding).
 50319 | Zot:1    | 50319 ||| Stepping ~*~*~tactically~*~*~ (hiding).
 50342 | Zot:1    | 50342 ||| INVOKING Heroism.
 50356 | Zot:1    | Received a gift from Okawaru
 50533 | Zot:1    | 50533 ||| Stepping ~*~*~tactically~*~*~ (hiding).
 50610 | Zot:1    | 50610 ||| INVOKING Heroism.
 50618 | Zot:1    | Received a gift from Okawaru
 50747 | Zot:1    | You are sucked into a shaft and drop 1 floor!
 50749 | Zot:2    | Noticed an orb of fire
 50749 | Zot:2    | Gained mutation: You have a pair of small horns on your
                  | head. [an orb of fire]
 50750 | Zot:2    | 50750 ||| DRINKING 3 potions of resistance.
 50751 | Zot:2    | 50751 ||| INVOKING Heroism.
 50752 | Zot:2    | 50752 ||| INVOKING Finesse.
 50781 | Zot:2    | Identified the +0 scale mail "Voadgh" {Will+ Int+3 Stlth+}
                  | (Okawaru gifted it to you on level 2 of the Realm of Zot)
 50781 | Zot:2    | Received a gift from Okawaru
 50786 | Zot:2    | Reached skill level 23 in Fighting
 50796 | Zot:2    | Killed an orb of fire
 50918 | Zot:2    | 50918 ||| DROPPING +0 helmet of see invisible.
 50919 | Zot:2    | 50919 ||| DROPPING scarf of repulsion.
 50920 | Zot:2    | 50920 ||| UPGRADING to ring "Giohiun" {Fire Str+5}.
 50922 | Zot:2    | 50922 ||| DROPPING ring of see invisible.
 50929 | Zot:2    | Noticed a curse toe
 50930 | Zot:2    | 50930 ||| INVOKING Heroism.
 50944 | Zot:2    | Killed a curse toe
 50985 | Zot:2    | 50985 ||| INVOKING Heroism.
 51017 | Zot:2    | Noticed a curse toe
 51029 | Zot:2    | Killed a curse toe
 51103 | Zot:2    | 51103 ||| INVOKING Heroism.
 51152 | Zot:2    | 51152 ||| Stepping ~*~*~tactically~*~*~ (stealth).
 51184 | Zot:2    | 51184 ||| Stepping ~*~*~tactically~*~*~ (hiding).
 51216 | Zot:2    | Reached skill level 21 in Armour
 51227 | Zot:2    | 51227 ||| Stepping ~*~*~tactically~*~*~ (stealth).
 51228 | Zot:2    | 51228 ||| Stepping ~*~*~tactically~*~*~ (stealth).
 51230 | Zot:2    | 51230 ||| INVOKING Heroism.
 51447 | Zot:1    | 51447 ||| Stepping ~*~*~tactically~*~*~ (hiding).
 51454 | Zot:1    | 51454 ||| INVOKING Heroism.
 51693 | Zot:2    | 51693 ||| INVOKING Heroism.
 51716 | Zot:2    | 51716 ||| Stepping ~*~*~tactically~*~*~ (hiding).
 51877 | Zot:2    | Received a gift from Okawaru
 52231 | Zot:2    | 52231 ||| INVOKING Heroism.
 52443 | Zot:3    | 52443 ||| Stepping ~*~*~tactically~*~*~ (stealth).
 52611 | Zot:3    | 52611 ||| Stepping ~*~*~tactically~*~*~ (hiding).
 52614 | Zot:3    | 52614 ||| Stepping ~*~*~tactically~*~*~ (hiding).
 52616 | Zot:3    | 52616 ||| Stepping ~*~*~tactically~*~*~ (hiding).
 52693 | Zot:3    | 52693 ||| Stepping ~*~*~tactically~*~*~ (hiding).
 52696 | Zot:3    | 52696 ||| Stepping ~*~*~tactically~*~*~ (hiding).
 52699 | Zot:3    | 52699 ||| INVOKING Heroism.
 53258 | Zot:4    | Reached skill level 24 in Fighting
 53325 | Zot:4    | Noticed a Killer Klown
 53326 | Zot:4    | 53326 ||| Stepping ~*~*~tactically~*~*~ (hiding).
 53329 | Zot:4    | 53329 ||| INVOKING Heroism.
 53330 | Zot:4    | 53330 ||| INVOKING Finesse.
 53331 | Zot:4    | 53331 ||| INVOKING Finesse.
 53345 | Zot:4    | Killed a Killer Klown
 53409 | Zot:4    | 53409 ||| Stepping ~*~*~tactically~*~*~ (hiding).
 53410 | Zot:4    | 53410 ||| Stepping ~*~*~tactically~*~*~ (hiding).
 53412 | Zot:4    | 53412 ||| Stepping ~*~*~tactically~*~*~ (hiding).
 53424 | Zot:4    | 53424 ||| FLEEEEING.
 53425 | Zot:4    | 53425 ||| FLEEEEING.
 53444 | Zot:4    | 53444 ||| Stepping ~*~*~tactically~*~*~ (stealth).
 53446 | Zot:4    | 53446 ||| Stepping ~*~*~tactically~*~*~ (hiding).
 53603 | Zot:4    | 53603 ||| INVOKING Heroism.
 53642 | Zot:4    | Reached XP level 25. HP: 176/178 MP: 10/30
 53649 | Zot:4    | 53649 ||| INVOKING Heroism.
 53701 | Zot:4    | 53701 ||| Stepping ~*~*~tactically~*~*~ (stealth).
 53717 | Zot:4    | HP: 42/178 [purple draconian shifter/bolt of dispelling
                  | energy[a red draconian scorcher] (34)]
 53718 | Zot:4    | 53718 ||| READING 19 scrolls of teleportation.
 53719 | Zot:4    | 53719 ||| DRINKING 6 potions of heal wounds.
 53722 | Zot:4    | 53722 ||| INVOKING Heroism.
 53743 | Zot:4    | Received a gift from Okawaru
 53751 | Zot:4    | HP: 37/178 [moth of wrath (12)]
 53752 | Zot:4    | 53752 ||| READING 18 scrolls of teleportation.
 53891 | Zot:4    | 53891 ||| Stepping ~*~*~tactically~*~*~ (hiding).
 53918 | Zot:4    | 53918 ||| INVOKING Heroism.
 54295 | Zot:4    | 54295 ||| PLANNING THE SHINING ONE WORSHIP
 54295 | Zot:4    | 54295 ||| SWAPPING to +11 broad axe of Hell's Wrath
                  | {vorpal, rC+}.
 54885 | D:5      | Fell from the grace of Okawaru
 54885 | D:5      | Became a worshipper of the Shining One
 54886 | D:5      | 54886 ||| PLANNING CRYPT
 55210 | Crypt:1  | Entered Level 1 of the Crypt
 55304 | Crypt:1  | Reached * piety under the Shining One
 55444 | Crypt:1  | Reached ** piety under the Shining One
 55653 | Crypt:1  | Reached *** piety under the Shining One
 55664 | Crypt:1  | 55664 ||| Stepping ~*~*~tactically~*~*~ (stealth).
 55665 | Crypt:1  | 55665 ||| Stepping ~*~*~tactically~*~*~ (stealth).
 55683 | Crypt:1  | 55683 ||| Stepping ~*~*~tactically~*~*~ (stealth).
 55746 | Crypt:1  | 55746 ||| DRINKING 23 potions of curing.
 55746 | Crypt:1  | 55746 ||| (to cure confusion)
 55964 | Crypt:1  | Reached **** piety under the Shining One
 56076 | Crypt:1  | 56076 ||| UPGRADING to +2 cloak of willpower.
 56107 | Crypt:2  | 56107 ||| STAIRDANCE
 56118 | Crypt:2  | 56118 ||| STAIRDANCE
 56128 | Crypt:2  | 56128 ||| STAIRDANCE
 56134 | Crypt:1  | Reached skill level 12 in Invocations
 56198 | Crypt:2  | 56198 ||| Stepping ~*~*~tactically~*~*~ (hiding).
 56210 | Crypt:2  | 56210 ||| Stepping ~*~*~tactically~*~*~ (stealth).
 56211 | Crypt:2  | 56211 ||| Stepping ~*~*~tactically~*~*~ (stealth).
 56212 | Crypt:2  | 56212 ||| Stepping ~*~*~tactically~*~*~ (stealth).
 56213 | Crypt:2  | 56213 ||| Stepping ~*~*~tactically~*~*~ (stealth).
 56243 | Crypt:2  | Reached ***** piety under the Shining One
 56322 | Crypt:2  | 56322 ||| FLEEEEING.
 56408 | Crypt:2  | 56408 ||| Stepping ~*~*~tactically~*~*~ (hiding).
 56517 | Crypt:2  | 56517 ||| FLEEEEING.
 56518 | Crypt:2  | 56518 ||| FLEEEEING.
 56519 | Crypt:2  | 56519 ||| FLEEEEING.
 56975 | Crypt:3  | Entered Level 3 of the Crypt
 57014 | Crypt:3  | 57014 ||| Stepping ~*~*~tactically~*~*~ (hiding).
 57022 | Crypt:3  | 57022 ||| Stepping ~*~*~tactically~*~*~ (stealth).
 57050 | Crypt:3  | 57050 ||| FLEEEEING.
 57051 | Crypt:3  | 57051 ||| FLEEEEING.
 57052 | Crypt:3  | 57052 ||| FLEEEEING.
 57066 | Crypt:3  | 57066 ||| Stepping ~*~*~tactically~*~*~ (hiding).
 57068 | Crypt:3  | 57068 ||| Stepping ~*~*~tactically~*~*~ (hiding).
 57069 | Crypt:3  | Reached ****** piety under the Shining One
 57080 | Crypt:3  | 57080 ||| Stepping ~*~*~tactically~*~*~ (stealth).
 57085 | Crypt:3  | 57085 ||| INVOKING Brand Weapon With Holy Wrath.
 57085 | Crypt:3  | Identified a +7 war axe of holy wrath (a +5 vampiric war
                  | axe blessed by the Shining One)
 57085 | Crypt:3  | Received a gift from the Shining One
 57278 | Crypt:3  | 57278 ||| Stepping ~*~*~tactically~*~*~ (hiding).
 57280 | Crypt:3  | 57280 ||| Stepping ~*~*~tactically~*~*~ (hiding).
 57308 | Crypt:3  | Found a staircase to the Tomb.
 57477 | Crypt:3  | 57477 ||| Stepping ~*~*~tactically~*~*~ (hiding).
 57491 | Crypt:3  | 57491 ||| FLEEEEING.
 57492 | Crypt:3  | 57492 ||| FLEEEEING.
 57503 | Crypt:3  | 57503 ||| Stepping ~*~*~tactically~*~*~ (hiding).
 57506 | Crypt:3  | 57506 ||| Stepping ~*~*~tactically~*~*~ (hiding).
 57523 | Crypt:3  | Noticed a royal mummy
 57524 | Crypt:3  | 57524 ||| FLEEEEING.
 57525 | Crypt:3  | 57525 ||| FLEEEEING.
 57526 | Crypt:3  | 57526 ||| FLEEEEING.
 57532 | Crypt:3  | 57532 ||| Stepping ~*~*~tactically~*~*~ (stealth).
 57550 | Crypt:3  | 57550 ||| Stepping ~*~*~tactically~*~*~ (hiding).
 57663 | Crypt:3  | 57663 ||| INVOKING Cleansing Flame.
 57664 | Crypt:3  | 57664 ||| INVOKING Cleansing Flame.
 57665 | Crypt:3  | 57665 ||| INVOKING Cleansing Flame.
 57686 | Crypt:3  | 57686 ||| Stepping ~*~*~tactically~*~*~ (stealth).
 57690 | Crypt:3  | 57690 ||| INVOKING Summon Divine Warrior.
 57695 | Crypt:3  | 57695 ||| INVOKING Cleansing Flame.
 57696 | Crypt:3  | 57696 ||| INVOKING Cleansing Flame.
 57697 | Crypt:3  | 57697 ||| INVOKING Cleansing Flame.
 57697 | Crypt:3  | Killed a royal mummy
 57919 | Crypt:3  | 57919 ||| FLEEEEING.
 57924 | Crypt:3  | 57924 ||| FLEEEEING.
 57927 | Crypt:3  | 57927 ||| FLEEEEING.
 57928 | Crypt:3  | 57928 ||| FLEEEEING.
 57929 | Crypt:3  | 57929 ||| FLEEEEING.
 57945 | Crypt:3  | 57945 ||| Stepping ~*~*~tactically~*~*~ (hiding).
 57967 | Crypt:3  | 57967 ||| Stepping ~*~*~tactically~*~*~ (hiding).
 58167 | Crypt:3  | Identified the +6 short sword "Udeismum" {venom, *Corrode
                  | rF+ Will+ Int+2}
 58191 | Crypt:3  | 58191 ||| Stepping ~*~*~tactically~*~*~ (stealth).
 58253 | Crypt:3  | 58253 ||| Stepping ~*~*~tactically~*~*~ (hiding).
 58363 | Crypt:3  | Identified the +10 spear of the Real Monster {spect, rC-
                  | Int+3}
 58413 | Crypt:3  | 58413 ||| PLANNING TOMB
 58413 | Crypt:3  | 58413 ||| DROPPING +2 hat.
 58414 | Crypt:3  | 58414 ||| DROPPING +6 ring of dexterity.
 58415 | Crypt:3  | 58415 ||| DROPPING ring of willpower.
 58416 | Crypt:3  | 58416 ||| Stepping randomly (stuck).
 58417 | Crypt:3  | 58417 ||| Stepping randomly (stuck).
 58418 | Crypt:3  | 58418 ||| Stepping randomly (stuck).
 58419 | Crypt:3  | 58419 ||| Stepping randomly (stuck).
 58420 | Crypt:3  | 58420 ||| Stepping randomly (stuck).
 58421 | Crypt:3  | 58421 ||| Stepping randomly (stuck).
 58422 | Crypt:3  | 58422 ||| Stepping randomly (stuck).
 58423 | Crypt:3  | 58423 ||| Stepping randomly (stuck).
 58424 | Crypt:3  | 58424 ||| Stepping randomly (stuck).
 58425 | Crypt:3  | 58425 ||| Stepping randomly (stuck).
 58426 | Crypt:3  | 58426 ||| Stepping randomly (stuck).
 58427 | Crypt:3  | 58427 ||| Stepping randomly (stuck).
 58428 | Crypt:3  | 58428 ||| Stepping randomly (stuck).
 58429 | Crypt:3  | 58429 ||| Stepping randomly (stuck).
 58430 | Crypt:3  | 58430 ||| Stepping randomly (stuck).
 58431 | Crypt:3  | 58431 ||| Stepping randomly (stuck).
 58432 | Crypt:3  | 58432 ||| Stepping randomly (stuck).
 58433 | Crypt:3  | 58433 ||| Stepping randomly (stuck).
 58434 | Crypt:3  | 58434 ||| Stepping randomly (stuck).
 58435 | Crypt:3  | 58435 ||| Stepping randomly (stuck).
 58436 | Crypt:3  | 58436 ||| Stepping randomly (stuck).
 58437 | Crypt:3  | 58437 ||| Stepping randomly (stuck).
 58438 | Crypt:3  | 58438 ||| Stepping randomly (stuck).
 58439 | Crypt:3  | 58439 ||| Stepping randomly (stuck).
 58440 | Crypt:3  | 58440 ||| Stepping randomly (stuck).
 58441 | Crypt:3  | 58441 ||| Stepping randomly (stuck).
 58442 | Crypt:3  | 58442 ||| Stepping randomly (stuck).
 58443 | Crypt:3  | 58443 ||| Stepping randomly (stuck).
 58444 | Crypt:3  | 58444 ||| Stepping randomly (stuck).
 58445 | Crypt:3  | 58445 ||| Stepping randomly (stuck).
 58446 | Crypt:3  | 58446 ||| Stepping randomly (stuck).
 58447 | Crypt:3  | 58447 ||| Stepping randomly (stuck).
 58448 | Crypt:3  | 58448 ||| Stepping randomly (stuck).
 58449 | Crypt:3  | 58449 ||| Stepping randomly (stuck).
 58450 | Crypt:3  | 58450 ||| Stepping randomly (stuck).
 58451 | Crypt:3  | 58451 ||| Stepping randomly (stuck).
 58452 | Crypt:3  | 58452 ||| Stepping randomly (stuck).
 58453 | Crypt:3  | 58453 ||| Stepping randomly (stuck).
 58454 | Crypt:3  | 58454 ||| Stepping randomly (stuck).
 58455 | Crypt:3  | 58455 ||| Stepping randomly (stuck).
 58456 | Crypt:3  | 58456 ||| Stepping randomly (stuck).
 58457 | Crypt:3  | 58457 ||| Stepping randomly (stuck).
 58458 | Crypt:3  | 58458 ||| Stepping randomly (stuck).
 58459 | Crypt:3  | 58459 ||| Stepping randomly (stuck).
 58460 | Crypt:3  | 58460 ||| Stepping randomly (stuck).
 58461 | Crypt:3  | 58461 ||| Stepping randomly (stuck).
 58462 | Crypt:3  | 58462 ||| Stepping randomly (stuck).
 58463 | Crypt:3  | 58463 ||| Stepping randomly (stuck).
 58464 | Crypt:3  | 58464 ||| Stepping randomly (stuck).
 58465 | Crypt:3  | 58465 ||| Stepping randomly (stuck).
 58466 | Crypt:3  | 58466 ||| Stepping randomly (stuck).
 58467 | Crypt:3  | 58467 ||| READING 19 scrolls of teleportation.
 58471 | Crypt:3  | 58471 ||| READING 18 scrolls of teleportation.
 58475 | Crypt:3  | 58475 ||| READING 17 scrolls of teleportation.
 58478 | Crypt:3  | 58478 ||| READING 16 scrolls of teleportation.
 58482 | Crypt:3  | 58482 ||| READING 15 scrolls of teleportation.
 58485 | Crypt:3  | 58485 ||| READING 14 scrolls of teleportation.
 58489 | Crypt:3  | 58489 ||| READING 13 scrolls of teleportation.
 58494 | Crypt:3  | 58494 ||| READING 12 scrolls of teleportation.
 58498 | Crypt:3  | 58498 ||| READING 11 scrolls of teleportation.
 58501 | Crypt:3  | 58501 ||| READING 10 scrolls of teleportation.
 58505 | Crypt:3  | 58505 ||| READING 9 scrolls of teleportation.
 58510 | Crypt:3  | 58510 ||| READING 8 scrolls of teleportation.
 58513 | Crypt:3  | 58513 ||| READING 7 scrolls of teleportation.
 58518 | Crypt:3  | 58518 ||| READING 6 scrolls of teleportation.
 58522 | Crypt:3  | 58522 ||| READING 5 scrolls of teleportation.
 58527 | Crypt:3  | 58527 ||| READING 4 scrolls of teleportation.
 58530 | Crypt:3  | 58530 ||| READING 3 scrolls of teleportation.
 58535 | Crypt:3  | 58535 ||| READING 2 scrolls of teleportation.
 58536 | Crypt:3  | 58536 ||| STAIRDANCE
 58574 | Crypt:3  | 58574 ||| Stepping randomly (stuck).
 58575 | Crypt:3  | 58575 ||| Stepping randomly (stuck).
 58576 | Crypt:3  | 58576 ||| Stepping randomly (stuck).
 58577 | Crypt:3  | 58577 ||| Stepping randomly (stuck).
 58578 | Crypt:3  | 58578 ||| Stepping randomly (stuck).
 58579 | Crypt:3  | 58579 ||| Stepping randomly (stuck).
 58580 | Crypt:3  | 58580 ||| Stepping randomly (stuck).
 58581 | Crypt:3  | 58581 ||| Stepping randomly (stuck).
 58582 | Crypt:3  | 58582 ||| Stepping randomly (stuck).
 58583 | Crypt:3  | 58583 ||| Stepping randomly (stuck).
 58584 | Crypt:3  | 58584 ||| Stepping randomly (stuck).
 58585 | Crypt:3  | 58585 ||| Stepping randomly (stuck).
 58586 | Crypt:3  | 58586 ||| Stepping randomly (stuck).
 58587 | Crypt:3  | 58587 ||| Stepping randomly (stuck).
 58588 | Crypt:3  | 58588 ||| Stepping randomly (stuck).
 58589 | Crypt:3  | 58589 ||| Stepping randomly (stuck).
 58590 | Crypt:3  | 58590 ||| Stepping randomly (stuck).
 58591 | Crypt:3  | 58591 ||| Stepping randomly (stuck).
 58592 | Crypt:3  | 58592 ||| Stepping randomly (stuck).
 58593 | Crypt:3  | 58593 ||| Stepping randomly (stuck).
 58594 | Crypt:3  | 58594 ||| Stepping randomly (stuck).
 58595 | Crypt:3  | 58595 ||| Stepping randomly (stuck).
 58596 | Crypt:3  | 58596 ||| Stepping randomly (stuck).
 58597 | Crypt:3  | 58597 ||| Stepping randomly (stuck).
 58598 | Crypt:3  | 58598 ||| Stepping randomly (stuck).
 58599 | Crypt:3  | 58599 ||| Stepping randomly (stuck).
 58600 | Crypt:3  | 58600 ||| Stepping randomly (stuck).
 58601 | Crypt:3  | 58601 ||| Stepping randomly (stuck).
 58602 | Crypt:3  | 58602 ||| Stepping randomly (stuck).
 58603 | Crypt:3  | 58603 ||| Stepping randomly (stuck).
 58604 | Crypt:3  | 58604 ||| Stepping randomly (stuck).
 58605 | Crypt:3  | 58605 ||| Stepping randomly (stuck).
 58606 | Crypt:3  | 58606 ||| Stepping randomly (stuck).
 58607 | Crypt:3  | 58607 ||| Stepping randomly (stuck).
 58608 | Crypt:3  | 58608 ||| Stepping randomly (stuck).
 58609 | Crypt:3  | 58609 ||| Stepping randomly (stuck).
 58610 | Crypt:3  | 58610 ||| Stepping randomly (stuck).
 58611 | Crypt:3  | 58611 ||| Stepping randomly (stuck).
 58612 | Crypt:3  | 58612 ||| Stepping randomly (stuck).
 58613 | Crypt:3  | 58613 ||| Stepping randomly (stuck).
 58614 | Crypt:3  | 58614 ||| Stepping randomly (stuck).
 58615 | Crypt:3  | 58615 ||| Stepping randomly (stuck).
 58616 | Crypt:3  | 58616 ||| Stepping randomly (stuck).
 58617 | Crypt:3  | 58617 ||| Stepping randomly (stuck).
 58618 | Crypt:3  | 58618 ||| Stepping randomly (stuck).
 58619 | Crypt:3  | 58619 ||| Stepping randomly (stuck).
 58620 | Crypt:3  | 58620 ||| Stepping randomly (stuck).
 58621 | Crypt:3  | 58621 ||| Stepping randomly (stuck).
 58622 | Crypt:3  | 58622 ||| Stepping randomly (stuck).
 58623 | Crypt:3  | 58623 ||| Stepping randomly (stuck).
 58624 | Crypt:3  | 58624 ||| Stepping randomly (stuck).
 58625 | Crypt:3  | 58625 ||| READING scroll of teleportation.
 58628 | Crypt:3  | 58628 ||| Stepping randomly (stuck).
 58629 | Crypt:3  | 58629 ||| Stepping randomly (stuck).
 58630 | Crypt:3  | 58630 ||| Stepping randomly (stuck).
 58631 | Crypt:3  | 58631 ||| Stepping randomly (stuck).
 58632 | Crypt:3  | 58632 ||| Stepping randomly (stuck).
 58633 | Crypt:3  | 58633 ||| Stepping randomly (stuck).
 58634 | Crypt:3  | 58634 ||| Stepping randomly (stuck).
 58635 | Crypt:3  | 58635 ||| Stepping randomly (stuck).
 58636 | Crypt:3  | 58636 ||| Stepping randomly (stuck).
 58637 | Crypt:3  | 58637 ||| Stepping randomly (stuck).
 58638 | Crypt:3  | 58638 ||| Stepping randomly (stuck).
 58639 | Crypt:3  | 58639 ||| Stepping randomly (stuck).
 58640 | Crypt:3  | 58640 ||| Stepping randomly (stuck).
 58641 | Crypt:3  | 58641 ||| Stepping randomly (stuck).
 58642 | Crypt:3  | 58642 ||| Stepping randomly (stuck).
 58643 | Crypt:3  | 58643 ||| Stepping randomly (stuck).
 58644 | Crypt:3  | 58644 ||| Stepping randomly (stuck).
 58645 | Crypt:3  | 58645 ||| Stepping randomly (stuck).
 58646 | Crypt:3  | 58646 ||| Stepping randomly (stuck).
 58647 | Crypt:3  | 58647 ||| Stepping randomly (stuck).
 58648 | Crypt:3  | 58648 ||| Stepping randomly (stuck).
 58649 | Crypt:3  | 58649 ||| Stepping randomly (stuck).
 58650 | Crypt:3  | 58650 ||| Stepping randomly (stuck).
 58651 | Crypt:3  | 58651 ||| Stepping randomly (stuck).
 58652 | Crypt:3  | 58652 ||| Stepping randomly (stuck).
 58653 | Crypt:3  | 58653 ||| Stepping randomly (stuck).
 58654 | Crypt:3  | 58654 ||| Stepping randomly (stuck).
 58655 | Crypt:3  | 58655 ||| Stepping randomly (stuck).
 58656 | Crypt:3  | 58656 ||| Stepping randomly (stuck).
 58657 | Crypt:3  | 58657 ||| Stepping randomly (stuck).
 58658 | Crypt:3  | 58658 ||| Stepping randomly (stuck).
 58659 | Crypt:3  | 58659 ||| Stepping randomly (stuck).
 58660 | Crypt:3  | 58660 ||| Stepping randomly (stuck).
 58661 | Crypt:3  | 58661 ||| Stepping randomly (stuck).
 58662 | Crypt:3  | 58662 ||| Stepping randomly (stuck).
 58663 | Crypt:3  | 58663 ||| Stepping randomly (stuck).
 58664 | Crypt:3  | 58664 ||| Stepping randomly (stuck).
 58665 | Crypt:3  | 58665 ||| Stepping randomly (stuck).
 58666 | Crypt:3  | 58666 ||| Stepping randomly (stuck).
 58667 | Crypt:3  | 58667 ||| Stepping randomly (stuck).
 58668 | Crypt:3  | 58668 ||| Stepping randomly (stuck).
 58669 | Crypt:3  | 58669 ||| Stepping randomly (stuck).
 58670 | Crypt:3  | 58670 ||| Stepping randomly (stuck).
 58671 | Crypt:3  | 58671 ||| Stepping randomly (stuck).
 58672 | Crypt:3  | 58672 ||| Stepping randomly (stuck).
 58673 | Crypt:3  | 58673 ||| Stepping randomly (stuck).
 58674 | Crypt:3  | 58674 ||| Stepping randomly (stuck).
 58675 | Crypt:3  | 58675 ||| Stepping randomly (stuck).
 58676 | Crypt:3  | 58676 ||| Stepping randomly (stuck).
 58677 | Crypt:3  | 58677 ||| Stepping randomly (stuck).
 58678 | Crypt:3  | 58678 ||| Stepping randomly (stuck).
 58679 | Crypt:3  | 58679 ||| Stepping randomly (stuck).
 58680 | Crypt:3  | 58680 ||| Stepping randomly (stuck).
 58681 | Crypt:3  | 58681 ||| Stepping randomly (stuck).
 58682 | Crypt:3  | 58682 ||| Stepping randomly (stuck).
 58683 | Crypt:3  | 58683 ||| Stepping randomly (stuck).
 58684 | Crypt:3  | 58684 ||| Stepping randomly (stuck).
 58685 | Crypt:3  | 58685 ||| Stepping randomly (stuck).
 58686 | Crypt:3  | 58686 ||| Stepping randomly (stuck).
 58687 | Crypt:3  | 58687 ||| Stepping randomly (stuck).
 58688 | Crypt:3  | 58688 ||| Stepping randomly (stuck).
 58689 | Crypt:3  | 58689 ||| Stepping randomly (stuck).
 58690 | Crypt:3  | 58690 ||| Stepping randomly (stuck).
 58691 | Crypt:3  | 58691 ||| Stepping randomly (stuck).
 58692 | Crypt:3  | 58692 ||| Stepping randomly (stuck).
 58693 | Crypt:3  | 58693 ||| Stepping randomly (stuck).
 58694 | Crypt:3  | 58694 ||| Stepping randomly (stuck).
 58695 | Crypt:3  | 58695 ||| Stepping randomly (stuck).
 58696 | Crypt:3  | 58696 ||| Stepping randomly (stuck).
 58697 | Crypt:3  | 58697 ||| Stepping randomly (stuck).
 58698 | Crypt:3  | 58698 ||| Stepping randomly (stuck).
 58699 | Crypt:3  | 58699 ||| Stepping randomly (stuck).
 58700 | Crypt:3  | 58700 ||| Stepping randomly (stuck).
 58701 | Crypt:3  | 58701 ||| Stepping randomly (stuck).
 58702 | Crypt:3  | 58702 ||| Stepping randomly (stuck).
 58703 | Crypt:3  | 58703 ||| Stepping randomly (stuck).
 58704 | Crypt:3  | 58704 ||| Stepping randomly (stuck).
 58705 | Crypt:3  | 58705 ||| Stepping randomly (stuck).
 58706 | Crypt:3  | 58706 ||| Stepping randomly (stuck).
 58707 | Crypt:3  | 58707 ||| Stepping randomly (stuck).
 58708 | Crypt:3  | 58708 ||| Stepping randomly (stuck).
 58709 | Crypt:3  | 58709 ||| Stepping randomly (stuck).
 58710 | Crypt:3  | 58710 ||| Stepping randomly (stuck).
 58711 | Crypt:3  | 58711 ||| Stepping randomly (stuck).
 58712 | Crypt:3  | 58712 ||| Stepping randomly (stuck).
 58713 | Crypt:3  | 58713 ||| Stepping randomly (stuck).
 58714 | Crypt:3  | 58714 ||| Stepping randomly (stuck).
 58715 | Crypt:3  | 58715 ||| Stepping randomly (stuck).
 58716 | Crypt:3  | 58716 ||| Stepping randomly (stuck).
 58717 | Crypt:3  | 58717 ||| Stepping randomly (stuck).
 58718 | Crypt:3  | 58718 ||| Stepping randomly (stuck).
 58719 | Crypt:3  | 58719 ||| Stepping randomly (stuck).
 58720 | Crypt:3  | 58720 ||| Stepping randomly (stuck).
 58721 | Crypt:3  | 58721 ||| Stepping randomly (stuck).
 58722 | Crypt:3  | 58722 ||| Stepping randomly (stuck).
 58723 | Crypt:3  | 58723 ||| Stepping randomly (stuck).
 58724 | Crypt:3  | 58724 ||| Stepping randomly (stuck).
 58725 | Crypt:3  | 58725 ||| Stepping randomly (stuck).
 58726 | Crypt:3  | 58726 ||| Stepping randomly (stuck).
 58727 | Crypt:3  | 58727 ||| Stepping randomly (stuck).
 58728 | Crypt:3  | 58728 ||| Stepping randomly (stuck).
 58729 | Crypt:3  | 58729 ||| Stepping randomly (stuck).
 58730 | Crypt:3  | 58730 ||| Stepping randomly (stuck).
 58731 | Crypt:3  | 58731 ||| Stepping randomly (stuck).
 58732 | Crypt:3  | 58732 ||| Stepping randomly (stuck).
 58733 | Crypt:3  | 58733 ||| Stepping randomly (stuck).
 58734 | Crypt:3  | 58734 ||| Stepping randomly (stuck).
 58735 | Crypt:3  | 58735 ||| Stepping randomly (stuck).
 58736 | Crypt:3  | 58736 ||| Stepping randomly (stuck).
 58737 | Crypt:3  | 58737 ||| Stepping randomly (stuck).
 58738 | Crypt:3  | 58738 ||| Stepping randomly (stuck).
 58739 | Crypt:3  | 58739 ||| Stepping randomly (stuck).
 58740 | Crypt:3  | 58740 ||| Stepping randomly (stuck).
 58741 | Crypt:3  | 58741 ||| Stepping randomly (stuck).
 58742 | Crypt:3  | 58742 ||| Stepping randomly (stuck).
 58743 | Crypt:3  | 58743 ||| Stepping randomly (stuck).
 58744 | Crypt:3  | 58744 ||| Stepping randomly (stuck).
 58745 | Crypt:3  | 58745 ||| Stepping randomly (stuck).
 58746 | Crypt:3  | 58746 ||| Stepping randomly (stuck).
 58747 | Crypt:3  | 58747 ||| Stepping randomly (stuck).
 58748 | Crypt:3  | 58748 ||| Stepping randomly (stuck).
 58749 | Crypt:3  | 58749 ||| Stepping randomly (stuck).
 58750 | Crypt:3  | 58750 ||| Stepping randomly (stuck).
 58751 | Crypt:3  | 58751 ||| Stepping randomly (stuck).
 58752 | Crypt:3  | 58752 ||| Stepping randomly (stuck).
 58753 | Crypt:3  | 58753 ||| Stepping randomly (stuck).
 58754 | Crypt:3  | 58754 ||| Stepping randomly (stuck).
 58755 | Crypt:3  | 58755 ||| Stepping randomly (stuck).
 58756 | Crypt:3  | 58756 ||| Stepping randomly (stuck).
 58757 | Crypt:3  | 58757 ||| Stepping randomly (stuck).
 58758 | Crypt:3  | 58758 ||| Stepping randomly (stuck).
 58759 | Crypt:3  | 58759 ||| Stepping randomly (stuck).
 58760 | Crypt:3  | 58760 ||| Stepping randomly (stuck).
 58761 | Crypt:3  | 58761 ||| Stepping randomly (stuck).
 58762 | Crypt:3  | 58762 ||| Stepping randomly (stuck).
 58763 | Crypt:3  | 58763 ||| Stepping randomly (stuck).
 58764 | Crypt:3  | 58764 ||| Stepping randomly (stuck).
 58765 | Crypt:3  | 58765 ||| Stepping randomly (stuck).
 58766 | Crypt:3  | 58766 ||| Stepping randomly (stuck).
 58767 | Crypt:3  | 58767 ||| Stepping randomly (stuck).
 58768 | Crypt:3  | 58768 ||| Stepping randomly (stuck).
 58769 | Crypt:3  | 58769 ||| Stepping randomly (stuck).
 58770 | Crypt:3  | 58770 ||| Stepping randomly (stuck).
 58771 | Crypt:3  | 58771 ||| Stepping randomly (stuck).
 58772 | Crypt:3  | 58772 ||| Stepping randomly (stuck).
 58773 | Crypt:3  | 58773 ||| Stepping randomly (stuck).
 58774 | Crypt:3  | 58774 ||| Stepping randomly (stuck).
 58775 | Crypt:3  | 58775 ||| Stepping randomly (stuck).
 58776 | Crypt:3  | 58776 ||| Stepping randomly (stuck).
 58777 | Crypt:3  | 58777 ||| Stepping randomly (stuck).
 58778 | Crypt:3  | 58778 ||| Stepping randomly (stuck).
 58779 | Crypt:3  | 58779 ||| Stepping randomly (stuck).
 58780 | Crypt:3  | 58780 ||| Stepping randomly (stuck).
 58781 | Crypt:3  | 58781 ||| Stepping randomly (stuck).
 58782 | Crypt:3  | 58782 ||| Stepping randomly (stuck).
 58783 | Crypt:3  | 58783 ||| Stepping randomly (stuck).
 58784 | Crypt:3  | 58784 ||| Stepping randomly (stuck).
 58785 | Crypt:3  | 58785 ||| Stepping randomly (stuck).
 58786 | Crypt:3  | 58786 ||| Stepping randomly (stuck).
 58787 | Crypt:3  | 58787 ||| Stepping randomly (stuck).
 58788 | Crypt:3  | 58788 ||| Stepping randomly (stuck).
 58789 | Crypt:3  | 58789 ||| Stepping randomly (stuck).
 58790 | Crypt:3  | 58790 ||| Stepping randomly (stuck).
 58791 | Crypt:3  | 58791 ||| Stepping randomly (stuck).
 58792 | Crypt:3  | 58792 ||| Stepping randomly (stuck).
 58793 | Crypt:3  | 58793 ||| Stepping randomly (stuck).
 58794 | Crypt:3  | 58794 ||| Stepping randomly (stuck).
 58795 | Crypt:3  | 58795 ||| Stepping randomly (stuck).
 58796 | Crypt:3  | 58796 ||| Stepping randomly (stuck).
 58797 | Crypt:3  | 58797 ||| Stepping randomly (stuck).
 58798 | Crypt:3  | 58798 ||| Stepping randomly (stuck).
 58799 | Crypt:3  | 58799 ||| Stepping randomly (stuck).
 58800 | Crypt:3  | 58800 ||| Stepping randomly (stuck).
 58801 | Crypt:3  | 58801 ||| Stepping randomly (stuck).
 58802 | Crypt:3  | 58802 ||| Stepping randomly (stuck).
 58803 | Crypt:3  | 58803 ||| Stepping randomly (stuck).
 58804 | Crypt:3  | 58804 ||| Stepping randomly (stuck).
 58805 | Crypt:3  | 58805 ||| Stepping randomly (stuck).
 58806 | Crypt:3  | 58806 ||| Stepping randomly (stuck).
 58807 | Crypt:3  | 58807 ||| Stepping randomly (stuck).
 58808 | Crypt:3  | 58808 ||| Stepping randomly (stuck).
 58809 | Crypt:3  | 58809 ||| Stepping randomly (stuck).
 58810 | Crypt:3  | 58810 ||| Stepping randomly (stuck).
 58811 | Crypt:3  | 58811 ||| Stepping randomly (stuck).
 58812 | Crypt:3  | 58812 ||| Stepping randomly (stuck).
 58813 | Crypt:3  | 58813 ||| Stepping randomly (stuck).
 58814 | Crypt:3  | 58814 ||| Stepping randomly (stuck).
 58815 | Crypt:3  | 58815 ||| Stepping randomly (stuck).
 58816 | Crypt:3  | 58816 ||| Stepping randomly (stuck).
 58817 | Crypt:3  | 58817 ||| Stepping randomly (stuck).
 58818 | Crypt:3  | 58818 ||| Stepping randomly (stuck).
 58819 | Crypt:3  | 58819 ||| Stepping randomly (stuck).
 58820 | Crypt:3  | 58820 ||| Stepping randomly (stuck).
 58821 | Crypt:3  | 58821 ||| Stepping randomly (stuck).
 58822 | Crypt:3  | 58822 ||| Stepping randomly (stuck).
 58823 | Crypt:3  | 58823 ||| Stepping randomly (stuck).
 58824 | Crypt:3  | 58824 ||| Stepping randomly (stuck).
 58825 | Crypt:3  | 58825 ||| Stepping randomly (stuck).
 58826 | Crypt:3  | 58826 ||| Stepping randomly (stuck).
 58827 | Crypt:3  | 58827 ||| Stepping randomly (stuck).
 58828 | Crypt:3  | 58828 ||| Stepping randomly (stuck).
 58829 | Crypt:3  | 58829 ||| Stepping randomly (stuck).
 58830 | Crypt:3  | 58830 ||| Stepping randomly (stuck).
 58831 | Crypt:3  | 58831 ||| Stepping randomly (stuck).
 58832 | Crypt:3  | 58832 ||| Stepping randomly (stuck).
 58833 | Crypt:3  | 58833 ||| Stepping randomly (stuck).
 58834 | Crypt:3  | 58834 ||| Stepping randomly (stuck).
 58835 | Crypt:3  | 58835 ||| Stepping randomly (stuck).
 58836 | Crypt:3  | 58836 ||| Stepping randomly (stuck).
 58837 | Crypt:3  | 58837 ||| Stepping randomly (stuck).
 58838 | Crypt:3  | 58838 ||| Stepping randomly (stuck).
 58839 | Crypt:3  | 58839 ||| Stepping randomly (stuck).
 58840 | Crypt:3  | 58840 ||| Stepping randomly (stuck).
 58841 | Crypt:3  | 58841 ||| Stepping randomly (stuck).
 58842 | Crypt:3  | 58842 ||| Stepping randomly (stuck).
 58843 | Crypt:3  | 58843 ||| Stepping randomly (stuck).
 58844 | Crypt:3  | 58844 ||| Stepping randomly (stuck).
 58845 | Crypt:3  | 58845 ||| Stepping randomly (stuck).
 58846 | Crypt:3  | 58846 ||| Stepping randomly (stuck).
 58847 | Crypt:3  | 58847 ||| Stepping randomly (stuck).
 58848 | Crypt:3  | 58848 ||| Stepping randomly (stuck).
 58849 | Crypt:3  | 58849 ||| Stepping randomly (stuck).
 58850 | Crypt:3  | 58850 ||| Stepping randomly (stuck).
 58851 | Crypt:3  | 58851 ||| Stepping randomly (stuck).
 58852 | Crypt:3  | 58852 ||| Stepping randomly (stuck).
 58853 | Crypt:3  | 58853 ||| Stepping randomly (stuck).
 58854 | Crypt:3  | 58854 ||| Stepping randomly (stuck).
 58855 | Crypt:3  | 58855 ||| Stepping randomly (stuck).
 58856 | Crypt:3  | 58856 ||| Stepping randomly (stuck).
 58857 | Crypt:3  | 58857 ||| Stepping randomly (stuck).
 58858 | Crypt:3  | 58858 ||| Stepping randomly (stuck).
 58859 | Crypt:3  | 58859 ||| Stepping randomly (stuck).
 58860 | Crypt:3  | 58860 ||| Stepping randomly (stuck).
 58861 | Crypt:3  | 58861 ||| Stepping randomly (stuck).
 58862 | Crypt:3  | 58862 ||| Stepping randomly (stuck).
 58863 | Crypt:3  | 58863 ||| Stepping randomly (stuck).
 58864 | Crypt:3  | 58864 ||| Stepping randomly (stuck).
 58865 | Crypt:3  | 58865 ||| Stepping randomly (stuck).
 58866 | Crypt:3  | 58866 ||| Stepping randomly (stuck).
 58867 | Crypt:3  | 58867 ||| Stepping randomly (stuck).
 58868 | Crypt:3  | 58868 ||| Stepping randomly (stuck).
 58869 | Crypt:3  | 58869 ||| Stepping randomly (stuck).
 58870 | Crypt:3  | 58870 ||| Stepping randomly (stuck).
 58871 | Crypt:3  | 58871 ||| Stepping randomly (stuck).
 58872 | Crypt:3  | 58872 ||| Stepping randomly (stuck).
 58873 | Crypt:3  | 58873 ||| Stepping randomly (stuck).
 58874 | Crypt:3  | 58874 ||| Stepping randomly (stuck).
 58875 | Crypt:3  | 58875 ||| Stepping randomly (stuck).
 58876 | Crypt:3  | 58876 ||| Stepping randomly (stuck).
 58877 | Crypt:3  | 58877 ||| Stepping randomly (stuck).
 58878 | Crypt:3  | 58878 ||| Stepping randomly (stuck).
 58879 | Crypt:3  | 58879 ||| Stepping randomly (stuck).
 58880 | Crypt:3  | 58880 ||| Stepping randomly (stuck).
 58881 | Crypt:3  | 58881 ||| Stepping randomly (stuck).
 58882 | Crypt:3  | 58882 ||| Stepping randomly (stuck).
 58883 | Crypt:3  | 58883 ||| Stepping randomly (stuck).
 58884 | Crypt:3  | 58884 ||| Stepping randomly (stuck).
 58885 | Crypt:3  | 58885 ||| Stepping randomly (stuck).
 58886 | Crypt:3  | 58886 ||| Stepping randomly (stuck).
 58887 | Crypt:3  | 58887 ||| Stepping randomly (stuck).
 58888 | Crypt:3  | 58888 ||| Stepping randomly (stuck).
 58889 | Crypt:3  | 58889 ||| Stepping randomly (stuck).
 58890 | Crypt:3  | 58890 ||| Stepping randomly (stuck).
 58891 | Crypt:3  | 58891 ||| Stepping randomly (stuck).
 58892 | Crypt:3  | 58892 ||| Stepping randomly (stuck).
 58893 | Crypt:3  | 58893 ||| Stepping randomly (stuck).
 58894 | Crypt:3  | 58894 ||| Stepping randomly (stuck).
 58895 | Crypt:3  | 58895 ||| Stepping randomly (stuck).
 58896 | Crypt:3  | 58896 ||| Stepping randomly (stuck).
 58897 | Crypt:3  | 58897 ||| Stepping randomly (stuck).
 58898 | Crypt:3  | 58898 ||| Stepping randomly (stuck).
 58899 | Crypt:3  | 58899 ||| Stepping randomly (stuck).
 58900 | Crypt:3  | 58900 ||| Stepping randomly (stuck).
 58901 | Crypt:3  | 58901 ||| Stepping randomly (stuck).
 58902 | Crypt:3  | 58902 ||| Stepping randomly (stuck).
 58903 | Crypt:3  | 58903 ||| Stepping randomly (stuck).
 58904 | Crypt:3  | 58904 ||| Stepping randomly (stuck).
 58905 | Crypt:3  | 58905 ||| Stepping randomly (stuck).
 58906 | Crypt:3  | 58906 ||| Stepping randomly (stuck).
 58907 | Crypt:3  | 58907 ||| Stepping randomly (stuck).
 58908 | Crypt:3  | 58908 ||| Stepping randomly (stuck).
 58909 | Crypt:3  | 58909 ||| Stepping randomly (stuck).
 58910 | Crypt:3  | 58910 ||| Stepping randomly (stuck).
 58911 | Crypt:3  | 58911 ||| Stepping randomly (stuck).
 58912 | Crypt:3  | 58912 ||| Stepping randomly (stuck).
 58913 | Crypt:3  | 58913 ||| Stepping randomly (stuck).
 58914 | Crypt:3  | 58914 ||| Stepping randomly (stuck).
 58915 | Crypt:3  | 58915 ||| Stepping randomly (stuck).
 58916 | Crypt:3  | 58916 ||| Stepping randomly (stuck).
 58917 | Crypt:3  | 58917 ||| Stepping randomly (stuck).
 58918 | Crypt:3  | 58918 ||| Stepping randomly (stuck).
 58919 | Crypt:3  | 58919 ||| Stepping randomly (stuck).
 58920 | Crypt:3  | 58920 ||| Stepping randomly (stuck).
 58921 | Crypt:3  | 58921 ||| Stepping randomly (stuck).
 58922 | Crypt:3  | 58922 ||| Stepping randomly (stuck).
 58923 | Crypt:3  | 58923 ||| Stepping randomly (stuck).
 58924 | Crypt:3  | 58924 ||| Stepping randomly (stuck).
 58925 | Crypt:3  | 58925 ||| Stepping randomly (stuck).
 58926 | Crypt:3  | 58926 ||| Stepping randomly (stuck).
 58927 | Crypt:3  | 58927 ||| Stepping randomly (stuck).
 58928 | Crypt:3  | 58928 ||| Stepping randomly (stuck).
 58929 | Crypt:3  | 58929 ||| Stepping randomly (stuck).
 58930 | Crypt:3  | 58930 ||| Stepping randomly (stuck).
 58931 | Crypt:3  | 58931 ||| Stepping randomly (stuck).
 58932 | Crypt:3  | 58932 ||| Stepping randomly (stuck).
 58933 | Crypt:3  | 58933 ||| Stepping randomly (stuck).
 58934 | Crypt:3  | 58934 ||| Stepping randomly (stuck).
 58935 | Crypt:3  | 58935 ||| Stepping randomly (stuck).
 58936 | Crypt:3  | 58936 ||| Stepping randomly (stuck).
 58937 | Crypt:3  | 58937 ||| Stepping randomly (stuck).
 58938 | Crypt:3  | 58938 ||| Stepping randomly (stuck).
 58939 | Crypt:3  | 58939 ||| Stepping randomly (stuck).
 58940 | Crypt:3  | 58940 ||| Stepping randomly (stuck).
 58941 | Crypt:3  | 58941 ||| Stepping randomly (stuck).
 58942 | Crypt:3  | 58942 ||| Stepping randomly (stuck).
 58943 | Crypt:3  | 58943 ||| Stepping randomly (stuck).
 58944 | Crypt:3  | 58944 ||| Stepping randomly (stuck).
 58945 | Crypt:3  | 58945 ||| Stepping randomly (stuck).
 58946 | Crypt:3  | 58946 ||| Stepping randomly (stuck).
 58947 | Crypt:3  | 58947 ||| Stepping randomly (stuck).
 58948 | Crypt:3  | 58948 ||| Stepping randomly (stuck).
 58949 | Crypt:3  | 58949 ||| Stepping randomly (stuck).
 58950 | Crypt:3  | 58950 ||| Stepping randomly (stuck).
 58951 | Crypt:3  | 58951 ||| Stepping randomly (stuck).
 58952 | Crypt:3  | 58952 ||| Stepping randomly (stuck).
 58953 | Crypt:3  | 58953 ||| Stepping randomly (stuck).
 58954 | Crypt:3  | 58954 ||| Stepping randomly (stuck).
 58955 | Crypt:3  | 58955 ||| Stepping randomly (stuck).
 58956 | Crypt:3  | 58956 ||| Stepping randomly (stuck).
 58957 | Crypt:3  | 58957 ||| Stepping randomly (stuck).
 58958 | Crypt:3  | 58958 ||| Stepping randomly (stuck).
 58959 | Crypt:3  | 58959 ||| Stepping randomly (stuck).
 58960 | Crypt:3  | 58960 ||| Stepping randomly (stuck).
 58961 | Crypt:3  | 58961 ||| Stepping randomly (stuck).
 58962 | Crypt:3  | 58962 ||| Stepping randomly (stuck).
 58963 | Crypt:3  | 58963 ||| Stepping randomly (stuck).
 58964 | Crypt:3  | 58964 ||| Stepping randomly (stuck).
 58965 | Crypt:3  | 58965 ||| Stepping randomly (stuck).
 58966 | Crypt:3  | 58966 ||| Stepping randomly (stuck).
 58967 | Crypt:3  | 58967 ||| Stepping randomly (stuck).
 58968 | Crypt:3  | 58968 ||| Stepping randomly (stuck).
 58969 | Crypt:3  | 58969 ||| Stepping randomly (stuck).
 58970 | Crypt:3  | 58970 ||| Stepping randomly (stuck).
 58971 | Crypt:3  | 58971 ||| Stepping randomly (stuck).
 58972 | Crypt:3  | 58972 ||| Stepping randomly (stuck).
 58973 | Crypt:3  | 58973 ||| Stepping randomly (stuck).
 58974 | Crypt:3  | 58974 ||| Stepping randomly (stuck).
 58975 | Crypt:3  | 58975 ||| Stepping randomly (stuck).
 58976 | Crypt:3  | 58976 ||| Stepping randomly (stuck).
 58977 | Crypt:3  | 58977 ||| Stepping randomly (stuck).
 58978 | Crypt:3  | 58978 ||| Stepping randomly (stuck).
 58979 | Crypt:3  | 58979 ||| Stepping randomly (stuck).
 58980 | Crypt:3  | 58980 ||| Stepping randomly (stuck).
 58981 | Crypt:3  | 58981 ||| Stepping randomly (stuck).
 58982 | Crypt:3  | 58982 ||| Stepping randomly (stuck).
 58983 | Crypt:3  | 58983 ||| Stepping randomly (stuck).
 58984 | Crypt:3  | 58984 ||| Stepping randomly (stuck).
 58985 | Crypt:3  | 58985 ||| Stepping randomly (stuck).
 58986 | Crypt:3  | 58986 ||| Stepping randomly (stuck).
 58987 | Crypt:3  | 58987 ||| Stepping randomly (stuck).
 58988 | Crypt:3  | 58988 ||| Stepping randomly (stuck).
 58989 | Crypt:3  | 58989 ||| Stepping randomly (stuck).
 58990 | Crypt:3  | 58990 ||| Stepping randomly (stuck).
 58991 | Crypt:3  | 58991 ||| Stepping randomly (stuck).
 58992 | Crypt:3  | 58992 ||| Stepping randomly (stuck).
 58993 | Crypt:3  | 58993 ||| Stepping randomly (stuck).
 58994 | Crypt:3  | 58994 ||| Stepping randomly (stuck).
 58995 | Crypt:3  | 58995 ||| Stepping randomly (stuck).
 58996 | Crypt:3  | 58996 ||| Stepping randomly (stuck).
 58997 | Crypt:3  | 58997 ||| Stepping randomly (stuck).
 58998 | Crypt:3  | 58998 ||| Stepping randomly (stuck).
 58999 | Crypt:3  | 58999 ||| Stepping randomly (stuck).
 59000 | Crypt:3  | 59000 ||| Stepping randomly (stuck).
 59001 | Crypt:3  | 59001 ||| Stepping randomly (stuck).
 59002 | Crypt:3  | 59002 ||| Stepping randomly (stuck).
 59003 | Crypt:3  | 59003 ||| Stepping randomly (stuck).
 59004 | Crypt:3  | 59004 ||| Stepping randomly (stuck).
 59005 | Crypt:3  | 59005 ||| Stepping randomly (stuck).
 59006 | Crypt:3  | 59006 ||| Stepping randomly (stuck).
 59007 | Crypt:3  | 59007 ||| Stepping randomly (stuck).
 59008 | Crypt:3  | 59008 ||| Stepping randomly (stuck).
 59009 | Crypt:3  | 59009 ||| Stepping randomly (stuck).
 59010 | Crypt:3  | 59010 ||| Stepping randomly (stuck).
 59011 | Crypt:3  | 59011 ||| Stepping randomly (stuck).
 59012 | Crypt:3  | 59012 ||| Stepping randomly (stuck).
 59013 | Crypt:3  | 59013 ||| Stepping randomly (stuck).
 59014 | Crypt:3  | 59014 ||| Stepping randomly (stuck).
 59015 | Crypt:3  | 59015 ||| Stepping randomly (stuck).
 59016 | Crypt:3  | 59016 ||| Stepping randomly (stuck).
 59017 | Crypt:3  | 59017 ||| Stepping randomly (stuck).
 59018 | Crypt:3  | 59018 ||| Stepping randomly (stuck).
 59019 | Crypt:3  | 59019 ||| Stepping randomly (stuck).
 59020 | Crypt:3  | 59020 ||| Stepping randomly (stuck).
 59021 | Crypt:3  | 59021 ||| Stepping randomly (stuck).
 59022 | Crypt:3  | 59022 ||| Stepping randomly (stuck).
 59023 | Crypt:3  | 59023 ||| Stepping randomly (stuck).
 59024 | Crypt:3  | 59024 ||| Stepping randomly (stuck).
 59025 | Crypt:3  | 59025 ||| Stepping randomly (stuck).
 59026 | Crypt:3  | 59026 ||| Stepping randomly (stuck).
 59027 | Crypt:3  | 59027 ||| Stepping randomly (stuck).
 59028 | Crypt:3  | 59028 ||| Stepping randomly (stuck).
 59029 | Crypt:3  | 59029 ||| Stepping randomly (stuck).
 59030 | Crypt:3  | 59030 ||| Stepping randomly (stuck).
 59031 | Crypt:3  | 59031 ||| Stepping randomly (stuck).
 59032 | Crypt:3  | 59032 ||| Stepping randomly (stuck).
 59033 | Crypt:3  | 59033 ||| Stepping randomly (stuck).
 59034 | Crypt:3  | 59034 ||| Stepping randomly (stuck).
 59035 | Crypt:3  | 59035 ||| Stepping randomly (stuck).
 59036 | Crypt:3  | 59036 ||| Stepping randomly (stuck).
 59037 | Crypt:3  | 59037 ||| Stepping randomly (stuck).
 59038 | Crypt:3  | 59038 ||| Stepping randomly (stuck).
 59039 | Crypt:3  | 59039 ||| Stepping randomly (stuck).
 59040 | Crypt:3  | 59040 ||| Stepping randomly (stuck).
 59041 | Crypt:3  | 59041 ||| Stepping randomly (stuck).
 59042 | Crypt:3  | 59042 ||| Stepping randomly (stuck).
 59043 | Crypt:3  | 59043 ||| Stepping randomly (stuck).
 59044 | Crypt:3  | 59044 ||| Stepping randomly (stuck).
 59045 | Crypt:3  | 59045 ||| Stepping randomly (stuck).
 59046 | Crypt:3  | 59046 ||| Stepping randomly (stuck).
 59047 | Crypt:3  | 59047 ||| Stepping randomly (stuck).
 59048 | Crypt:3  | 59048 ||| Stepping randomly (stuck).
 59049 | Crypt:3  | 59049 ||| Stepping randomly (stuck).
 59050 | Crypt:3  | 59050 ||| Stepping randomly (stuck).
 59051 | Crypt:3  | 59051 ||| Stepping randomly (stuck).
 59052 | Crypt:3  | 59052 ||| Stepping randomly (stuck).
 59053 | Crypt:3  | 59053 ||| Stepping randomly (stuck).
 59054 | Crypt:3  | 59054 ||| Stepping randomly (stuck).
 59055 | Crypt:3  | 59055 ||| Stepping randomly (stuck).
 59056 | Crypt:3  | 59056 ||| Stepping randomly (stuck).
 59057 | Crypt:3  | 59057 ||| Stepping randomly (stuck).
 59058 | Crypt:3  | 59058 ||| Stepping randomly (stuck).
 59059 | Crypt:3  | 59059 ||| Stepping randomly (stuck).
 59060 | Crypt:3  | 59060 ||| Stepping randomly (stuck).
 59061 | Crypt:3  | 59061 ||| Stepping randomly (stuck).
 59062 | Crypt:3  | 59062 ||| Stepping randomly (stuck).
 59063 | Crypt:3  | 59063 ||| Stepping randomly (stuck).
 59064 | Crypt:3  | 59064 ||| Stepping randomly (stuck).
 59065 | Crypt:3  | 59065 ||| Stepping randomly (stuck).
 59066 | Crypt:3  | 59066 ||| Stepping randomly (stuck).
 59067 | Crypt:3  | 59067 ||| Stepping randomly (stuck).
 59068 | Crypt:3  | 59068 ||| Stepping randomly (stuck).
 59069 | Crypt:3  | 59069 ||| Stepping randomly (stuck).
 59070 | Crypt:3  | 59070 ||| Stepping randomly (stuck).
 59071 | Crypt:3  | 59071 ||| Stepping randomly (stuck).
 59072 | Crypt:3  | 59072 ||| Stepping randomly (stuck).
 59073 | Crypt:3  | 59073 ||| Stepping randomly (stuck).
 59074 | Crypt:3  | 59074 ||| Stepping randomly (stuck).
 59075 | Crypt:3  | 59075 ||| Stepping randomly (stuck).
 59076 | Crypt:3  | 59076 ||| Stepping randomly (stuck).
 59077 | Crypt:3  | 59077 ||| Stepping randomly (stuck).
 59078 | Crypt:3  | 59078 ||| Stepping randomly (stuck).
 59079 | Crypt:3  | 59079 ||| Stepping randomly (stuck).
 59080 | Crypt:3  | 59080 ||| Stepping randomly (stuck).
 59081 | Crypt:3  | 59081 ||| Stepping randomly (stuck).
 59082 | Crypt:3  | 59082 ||| Stepping randomly (stuck).
 59083 | Crypt:3  | 59083 ||| Stepping randomly (stuck).
 59084 | Crypt:3  | 59084 ||| Stepping randomly (stuck).
 59085 | Crypt:3  | 59085 ||| Stepping randomly (stuck).
 59086 | Crypt:3  | 59086 ||| Stepping randomly (stuck).
 59087 | Crypt:3  | 59087 ||| Stepping randomly (stuck).
 59088 | Crypt:3  | 59088 ||| Stepping randomly (stuck).
 59089 | Crypt:3  | 59089 ||| Stepping randomly (stuck).
 59090 | Crypt:3  | 59090 ||| Stepping randomly (stuck).
 59091 | Crypt:3  | 59091 ||| Stepping randomly (stuck).
 59092 | Crypt:3  | 59092 ||| Stepping randomly (stuck).
 59093 | Crypt:3  | Upgraded the game from 0.30-a0-240-g3111722afa to
                  | 0.30-a0-241-g1121274140
 59093 | Crypt:3  | 59093 ||| PLANNING TOMB
 59165 | Crypt:3  | 59165 ||| PLANNING TOMB
 59166 | Tomb:1   | Entered Level 1 of the Tomb of the Ancients
 59375 | Tomb:1   | Noticed Mennas
 59376 | Tomb:1   | 59376 ||| INVOKING Summon Divine Warrior.
 59396 | Tomb:1   | Killed Mennas
 59397 | Tomb:1   | Reached skill level 15 in Invocations
 59475 | Tomb:1   | 59475 ||| INVOKING Cleansing Flame.
 59476 | Tomb:1   | 59476 ||| INVOKING Cleansing Flame.
 59479 | Tomb:1   | Noticed Boris
 59483 | Tomb:1   | 59483 ||| INVOKING Cleansing Flame.
 59484 | Tomb:1   | 59484 ||| INVOKING Cleansing Flame.
 59484 | Tomb:1   | Killed Boris
 59501 | Tomb:1   | 59501 ||| INVOKING Cleansing Flame.
 59566 | Tomb:1   | 59566 ||| INVOKING Cleansing Flame.
 59569 | Tomb:1   | 59569 ||| INVOKING Cleansing Flame.
 59585 | Tomb:1   | 59585 ||| INVOKING Cleansing Flame.
 59585 | Tomb:1   | Noticed a royal mummy
 59586 | Tomb:1   | 59586 ||| INVOKING Summon Divine Warrior.
 59594 | Tomb:1   | 59594 ||| INVOKING Cleansing Flame.
 59595 | Tomb:1   | Killed a royal mummy
 59596 | Tomb:1   | Reached XP level 26. HP: 87/184 MP: 30/35
 59597 | Tomb:1   | 59597 ||| INVOKING Cleansing Flame.
 59687 | Tomb:1   | Noticed a royal mummy
 59688 | Tomb:1   | 59688 ||| INVOKING Summon Divine Warrior.
 59689 | Tomb:1   | Noticed a royal mummy
 59693 | Tomb:1   | Noticed a royal mummy
 59696 | Tomb:1   | Killed a royal mummy
 59700 | Tomb:1   | Killed a royal mummy
 59704 | Tomb:1   | Killed a royal mummy
 59704 | Tomb:1   | Noticed a royal mummy
 59704 | Tomb:1   | Noticed a royal mummy
 59707 | Tomb:1   | 59707 ||| INVOKING Cleansing Flame.
 59707 | Tomb:1   | Noticed a royal mummy
 59709 | Tomb:1   | Killed a royal mummy
 59709 | Tomb:1   | Noticed a royal mummy
 59710 | Tomb:1   | Noticed a royal mummy
 59711 | Tomb:1   | 59711 ||| INVOKING Cleansing Flame.
 59712 | Tomb:1   | 59712 ||| INVOKING Cleansing Flame.
 59712 | Tomb:1   | Killed a royal mummy
 59712 | Tomb:1   | HP: 44/184 [royal mummy/divine providence (14)]
 59713 | Tomb:1   | 59713 ||| DRINKING 5 potions of heal wounds.
 59714 | Tomb:1   | 59714 ||| INVOKING Cleansing Flame.
 59714 | Tomb:1   | Killed a royal mummy
 59714 | Tomb:1   | Noticed a royal mummy
 59714 | Tomb:1   | Noticed a royal mummy
 59715 | Tomb:1   | Reached skill level 18 in Invocations
 59715 | Tomb:1   | Noticed a royal mummy
 59716 | Tomb:1   | 59716 ||| DRINKING 4 potions of heal wounds.
 59716 | Tomb:1   | Noticed a royal mummy
 59717 | Tomb:1   | 59717 ||| DRINKING 3 potions of heal wounds.
 59718 | Tomb:1   | HP: 44/184 [??? (8)]
 59719 | Tomb:1   | 59719 ||| DRINKING 2 potions of heal wounds.
 59719 | Tomb:1   | Noticed a royal mummy
 59721 | Tomb:1   | 59721 ||| DRINKING potion of heal wounds.
 59722 | Tomb:1   | 59722 ||| INVOKING Cleansing Flame.
 59722 | Tomb:1   | Noticed a royal mummy
 59722 | Tomb:1   | HP: 12/184 [royal mummy/divine providence (15)]
 59722 | Tomb:1   | Killed from afar by a royal mummy

Levels and vault maps discovered:
D:1:      wander_arrival_lonely_grave, layout_rooms
D:2:      layout_rooms, basic_altar
D:3:      cheibrodos_greedy_goblins, layout_basic, overflow_temple_1_default,
          uniq_ijyb
D:4:      layout_loops_ring, nicolae_ashenzari_skybound
D:5:      layout_basic, grunt_temple_overflow_forces_of_nature,
          kiku_gazebo_garden_becter, overflow_temple_1_default
D:6:      layout_basic, minmay_temple_entry_stoned_glass,
          nicolae_figureground_sparkle
D:7:      layout_basic, nicolae_overflow_quartered_altars, uniq_maggie
D:8:      layout_loops_corners, david_lair_shrubbed
D:9:      layout_loops_ring, mainiacjoe_overflow_small_starburst
D:10:     layout_long_grid, serial_shops, nicolae_diamond_shop, enter_bailey_3,
          uniq_harold, uniq_josephine
D:11:     layout_irregular_city
D:12:     layout_loops_cross, bh_hangedman_babel_library, uniq_nergalle,
          uniq_maurice
D:13:     layout_long_grid, erik_vaults_1, uniq_lodul, uniq_jorgrun
D:14:     layout_basic, chequers_serial_rivers_micro_b, serial_shops,
          nicolae_shop_hallway_stairs
D:15:     grunt_enter_depths_magical_seal, layout_loops_ring, serial_ice,
          serial_ice_i, serial_ice_c, serial_ice_o, serial_ice_e, serial_ice_a,
          serial_ice_d, hive_lemuel
Temple:   bh_familiar_temple
Lair:1:   layout_cave_pods
Lair:2:   layout_cave_shapes, st_stairs_3, lemuel_oklob_altar,
          grunt_megastairs_2
Lair:3:   layout_gridlike, swamp_mist_pool, spider_nest_entry_rubble,
          basic_altar
Lair:4:   layout_cave_pods, st_stairs_11, kennysheep_catoblepas_arena
Lair:5:   gammafunk_lair_ancient_temple, layout_cave_pods,
          minmay_slime_entry_pillars
Swamp:1:  layout_falls_marsh, nicolae_swamp_very_dense_foliage,
          infiniplex_staircase_pool_2
Swamp:2:  layout_basic_swamp, serial_swamp_ruin, evilmike_swamp_ruin_house_4,
          evilmike_swamp_ruin_rubble_2
Swamp:3:  nicolae_swamp_wrong_neighborhood, layout_basic_swamp,
          evilmike_swamp_ruin_house_2
Swamp:4:  nzn_swamp_witches_coven, layout_basic_swamp
Spider:1: layout_spider_delve, hangedman_spider_tarantella_strand
Spider:2: layout_spider_delve
Spider:3: nicolae_spider_hilbert_zone_7 [nicolae_spider_hilbert_4_sides_1_open,
          nicolae_spider_hilbert_4_sides_1_open,
          nicolae_spider_hilbert_4_sides_1_open,
          nicolae_spider_hilbert_4_sides_1_open,
          nicolae_spider_hilbert_3_sides_1_open,
          nicolae_spider_hilbert_3_sides_1_open,
          nicolae_spider_hilbert_3_sides_1_open,
          nicolae_spider_hilbert_3_sides_1_open,
          nicolae_spider_hilbert_4_sides_1_open,
          nicolae_spider_hilbert_4_sides_1_open,
          nicolae_spider_hilbert_4_sides_1_open,
          nicolae_spider_hilbert_2_sides_1_open,
          nicolae_spider_hilbert_2_sides_1_open,
          nicolae_spider_hilbert_2_sides_1_open,
          nicolae_spider_hilbert_2_sides_1_open,
          nicolae_spider_hilbert_2_sides_1_open,
          nicolae_spider_hilbert_2_sides_1_open], nicolae_spider_paper_wasps
Spider:4: floodkiller_spider_rune_tomb
Orc:1:    layout_diamond_mine, serial_shops, shop_scrolls
Orc:2:    pf_orc_diabolical, layout_caves, portal_ice_cave_entry_pillars_1
Vaults:1: v_misc_19, v_misc_16, hangedman_vaults_unwind, st_squares,
          vaults_mumra_minichess_inversion, hangedman_vaults_maws,
          nicolae_vaults_asterisk, nicolae_vaults_little_squares_5,
          nicolae_vaults_sealed_display, layout_vaults_omnigrid, serial_shops,
          bzr_entry_road
Vaults:2: v_misc_33, nicolae_vaults_ring_of_whatevers, hangedman_vaults_maws,
          ontoclasm_vaults_shuriken, nicolae_vaults_shelves_hall,
          hangedman_vaults_variations, st_eye, v_pattern_5,
          hangedman_vaults_river_flow, v_misc_28, vaults_dpeg_emergency_exit,
          layout_vaults_omnicross
Vaults:3: hangedman_vaults_nodes, minmay_crypt_entry_simple_statues,
          ontoclasm_vaults_pinch, vaults_mumra_lcd, ontoclasm_vaults_chip,
          nicolae_vaults_little_ls, grunt_vaults_swirl, v_misc_4,
          hangedman_vaults_pinch, vaults_room_boxed, st_spiral_rooms, v_misc_25,
          layout_vaults_maze_bifur, uniq_donald
Vaults:4: mu_enter_wizlab_4, nicolae_vaults_twisting_passages, v_pattern_4,
          nicolae_vaults_ninety_degrees, v_alt_pattern_6, grunt_vaults_focal,
          nicolae_vaults_back_hallway, hangedman_vaults_snaps,
          nicolae_vaults_rhombus_7, nicolae_vaults_little_squares_4,
          ontoclasm_vaults_ligature, layout_vaults_big_room
Vaults:5: serial_shops
Crypt:1:  layout_chaotic_city, grunt_crypt_arrival_webbed
Crypt:2:  layout_misc_corridors
Crypt:3:  due_elkab, layout_chaotic_city, tomb_entry_forgotten_bobbens,
          uniq_margery
Tomb:1:   uniq_mennas, uniq_boris
Depths:1: layout_forbidden_donut, hangedman_decor_lopped,
          grunt_hell_entry_dis_mu, serial_shops, shop, kennysheep_potato
Depths:2: minmay_guarded_unrand_majin_bo, layout_basic, old_standard_altar,
          grunt_pan_entry_spiral, hell_entry
Depths:3: kennysheep_blocky_room, layout_gridville, enter_ziggurat_e,
          abyss_entry_crystal, serial_sigils_hangedman_gut, hell_entry,
          rand_demon_pan_entry_4, serial_shops, bzr_entry_customers
Depths:4: evilmike_zot_entry_basic, layout_cave_pools, hangedman_coc_ice_floe,
          rand_demon_pan_entry_8, ploomutoo_gammafunk_ghost_potion_laboratory,
          abyss_entry, serial_bayou_shore_a
Zot:1:    layout_onion_interference, grunt_megastairs_4
Zot:2:    layout_cathedral_of_symmetry, grunt_ministairs_15, skrybe_zot_glass_1
Zot:3:    layout_basic
Zot:4:    layout_cathedral_of_symmetry

Skill      XL: |  1  2  3  4  5  6  7  8  9 10 11 12 13 14 15 16 17 18 19 20 21 22 23 24 25 26 |
---------------+-------------------------------------------------------------------------------+-----
Axes           | 2 3 4 5 6 7 8 9 11 12 13 14 16 18 | 18.0
Fighting       | 4 5 6 7 8 9 10 11 12 14 15 17 18 20 21 22 24 | 24.0
Dodging        | 1 2 3 4 5 8 |  8.4
Throwing       | 2 3 5 6 8 9 10 12 13 14 | 14.0
Armour         | 5 6 7 8 9 10 11 13 14 15 16 19 20 21 | 21.4
Shields        | 4 5 6 7 8 9 10 11 12 15 17 18 21 22 | 22.0
Invocations    | 3 4 7 10 16 18 | 18.0

Action                   |  1- 3 |  4- 6 |  7- 9 | 10-12 | 13-15 | 16-18 | 19-21 | 22-24 | 25-27 || total
-------------------------+-------+-------+-------+-------+-------+-------+-------+-------+-------++-------
Melee: War axe           |   103 |   156 |   148 |   198 |   798 |    20 |       |       |       ||  1423
       Flail             |       |       |       |     8 |    23 |       |       |       |       ||    31
       Broad axe         |       |       |       |       |    38 |  1289 |  1486 |  1407 |   537 ||  4757
       Morningstar       |       |       |       |       |       |     5 |       |       |       ||     5
       Headbutt          |       |       |       |       |       |       |       |    99 |   185 ||   284
Throw: Boomerang         |       |       |    57 |    70 |   117 |   200 |    80 |    38 |    87 ||   649
       Javelin           |       |       |       |    23 |    78 |     8 |   112 |    71 |    28 ||   320
Invok: Heroism           |       |       |     3 |    26 |    39 |    45 |    45 |    45 |     3 ||   206
       Finesse           |       |       |       |     2 |     8 |    15 |    11 |    13 |       ||    49
       Cleansing Flame   |       |       |       |       |       |       |       |       |    21 ||    21
       Summon Divine War |       |       |       |       |       |       |       |       |     4 ||     4
       Brand Weapon With |       |       |       |       |       |       |       |       |     1 ||     1
  Use: Scroll            |     1 |     9 |     6 |     7 |    10 |     5 |     2 |       |    21 ||    61
       Potion            |       |     4 |     2 |     2 |     6 |     2 |     3 |     1 |     7 ||    27
 Stab: Distracted        |       |       |     1 |     5 |    17 |     1 |       |     1 |       ||    25
Armor: Scale mail        |    46 |    20 |       |       |       |       |       |       |       ||    66
       Chain mail        |       |    59 |     5 |       |       |   449 |   349 |       |       ||   862
       Plate armour      |       |       |    61 |    78 |   224 |   114 |   329 |   695 |   205 ||  1706
Dodge: Dodged            |    45 |    44 |    34 |    33 |   160 |   508 |   666 |   487 |   149 ||  2126
Block: Buckler           |    22 |    26 |    57 |    75 |   283 |   609 |   211 |       |       ||  1283
       Reflection        |       |       |     3 |       |    23 |     4 |       |       |       ||    30
       Kite shield       |       |       |       |       |       |       |   474 |   295 |       ||   769
       Tower shield      |       |       |       |       |       |       |       |   740 |   472 ||  1212

Table legend:
 A = Non-vault XP
 B = Vault XP
 C = Vault XP percentage of total XP
 D = Non-vault monster count
 E = Vault monster count
 F = Vault count percentage of total count
                 A         B        C        D         E       F
            +---------+---------+-------+---------+---------+-------
      Total |  674824 |  464689 |  40.8 |    1348 |     659 |  32.8
            +---------+---------+-------+---------+---------+-------
        D:1 |      49 |       0 |   0.0 |      29 |       0 |   0.0
        D:2 |      66 |       0 |   0.0 |      24 |       0 |   0.0
        D:3 |     113 |      54 |  32.3 |      11 |      11 |  50.0
        D:4 |      70 |       0 |   0.0 |      11 |       0 |   0.0
        D:5 |     994 |       0 |   0.0 |      29 |       0 |   0.0
        D:6 |     606 |       0 |   0.0 |      15 |       0 |   0.0
        D:7 |     975 |     359 |  26.9 |      15 |       1 |   6.2
        D:8 |    1028 |     361 |  26.0 |      12 |       1 |   7.7
        D:9 |    3027 |       5 |   0.2 |      29 |       3 |   9.4
       D:10 |    4821 |    2646 |  35.4 |      24 |       7 |  22.6
       D:11 |    4845 |       0 |   0.0 |      24 |       0 |   0.0
       D:12 |    3461 |    3789 |  52.3 |      14 |       6 |  30.0
       D:13 |    5889 |    5101 |  46.4 |      17 |      11 |  39.3
       D:14 |    5158 |       0 |   0.0 |      14 |       0 |   0.0
       D:15 |    6465 |    6364 |  49.6 |      19 |      24 |  55.8
     Lair:1 |    3701 |       0 |   0.0 |      15 |       0 |   0.0
     Lair:2 |    8838 |    1603 |  15.4 |      26 |       5 |  16.1
     Lair:3 |   14543 |     219 |   1.5 |      45 |       1 |   2.2
     Lair:4 |    7499 |    1905 |  20.3 |      26 |       4 |  13.3
     Lair:5 |   14967 |    6935 |  31.7 |      58 |      20 |  25.6
    Swamp:1 |    8170 |       0 |   0.0 |      20 |       0 |   0.0
    Swamp:2 |    5349 |       0 |   0.0 |      12 |       0 |   0.0
    Swamp:3 |   17548 |    3982 |  18.5 |      27 |       4 |  12.9
    Swamp:4 |   16757 |   24364 |  59.2 |      32 |      31 |  49.2
   Spider:1 |   11535 |     283 |   2.4 |      32 |       1 |   3.0
   Spider:2 |   13162 |       0 |   0.0 |      33 |       0 |   0.0
   Spider:3 |   25135 |   10912 |  30.3 |      61 |      17 |  21.8
   Spider:4 |   29572 |   29491 |  49.9 |      64 |      57 |  47.1
      Orc:1 |    1853 |       0 |   0.0 |      19 |       0 |   0.0
      Orc:2 |     838 |   16366 |  95.1 |      22 |      61 |  73.5
   Vaults:1 |   32800 |   18054 |  35.5 |      46 |      27 |  37.0
   Vaults:2 |   24662 |   42985 |  63.5 |      36 |      53 |  59.6
   Vaults:3 |   12025 |   34245 |  74.0 |      20 |      49 |  71.0
   Vaults:4 |   23273 |   38409 |  62.3 |      34 |      41 |  54.7
   Vaults:5 |   15960 |   72568 |  82.0 |      20 |      62 |  75.6
    Crypt:1 |   27913 |       0 |   0.0 |      42 |       0 |   0.0
    Crypt:2 |   17251 |       0 |   0.0 |      26 |       0 |   0.0
    Crypt:3 |    8330 |   25697 |  75.5 |      16 |      58 |  78.4
     Tomb:1 |   14602 |   59475 |  80.3 |      26 |      40 |  60.6
   Depths:1 |   39559 |    3590 |   8.3 |      49 |       4 |   7.5
   Depths:2 |   27357 |   10899 |  28.5 |      34 |      16 |  32.0
   Depths:3 |   22332 |   12347 |  35.6 |      24 |      14 |  36.8
   Depths:4 |   18143 |   11652 |  39.1 |      24 |      13 |  35.1
      Zot:1 |   49284 |    2952 |   5.7 |      41 |       4 |   8.9
      Zot:2 |   59208 |   12596 |  17.5 |      51 |       8 |  13.6
      Zot:3 |   12820 |       0 |   0.0 |      10 |       0 |   0.0
      Zot:4 |   40579 |       0 |   0.0 |      36 |       0 |   0.0
     WizLab |   11692 |    4481 |  27.7 |      34 |       5 |  12.8
            +---------+---------+-------+---------+---------+-------
